Cogmind - Beta 15 @@@ ROGUE MODE // 2025.09.28 @ 10:43:10 Player: Dadrick Result: Establishing 0b11! Performance ------------- Evolutions (9) 4500 Regions Visited (39) 7800 Robots Destroyed (276) 1380 Value Destroyed (7221) 7221 Prototype IDs (386) 7720 Alien Tech Used (5) 1000 Bonus (32197) 32197 TOTAL SCORE: 61818 Bonus ------- High Alert Combat Kills 147 Follower Combat Kills 2356 Awakened Behemoth Slayer 1000 Network Hubs Disabled 400 Aligned with FarCom 300 Met Imprinter 300 Met Zhirov 300 Met Warlord at Base 500 MAIN.C Attacked Warlord 500 Built Enhanced Grunts 300 A7 Reached Mainframe 300 Found Hidden Lab 3000 Met Warlord at Research 2000 Destroyed MAIN.C Guards 500 Met MAIN.C 5000 Destroyed MAIN.C Shell 5000 Destroyed MAIN.C 10000 Met Warlord at Command 2000 Win 3000 Friendly Fire -4706 Cogmind --------- Core Integrity 1024/1600 Matter 290/300 Energy 197/200 System Corruption 10% Temperature Cool (89) Movement Flying (23) Location 0b11 Command Parts ------- > --- POWER (2) -------- Micro Antimatter Reactor Micro Antimatter Reactor > --- PROPULSION (8) --- Cooled Nuclear Pulse Thruster Cooled Field Propulsion Drive Improved Diametric Drive Cooled Impulse Thruster Impulse Thruster Array Impulse Thruster Array > --- UTILITY (13) ----- Medium Storage Unit Experimental Optical Array Improved Melee Analysis Suite Experimental Melee Analysis Suite Experimental Melee Analysis Suite Experimental Core Analyzer Femtoactuators Experimental Utility Shielding Centrium Heavy Armor Plating Graphene Brace Quantum Router > --- WEAPON (3) ------- Nanosword Nanosword CR-A16's Behemoth Slayer > --- INVENTORY (10) --- Warp Cannon Cooled Nova Cannon Cooled Nova Cannon Ragnarok Missile Launcher Peak State ------------ > --- POWER ------------ Micro Antimatter Reactor Micro Antimatter Reactor > --- PROPULSION ------- Cooled Nuclear Pulse Thruster Cooled Nuclear Pulse Thruster Cooled Nuclear Pulse Thruster Cooled Impulse Thruster Impulse Thruster Array Impulse Thruster Array > --- UTILITY ---------- Medium Storage Unit Experimental Optical Array Experimental Melee Analysis Suite Experimental Melee Analysis Suite Experimental Core Analyzer Femtoactuators Advanced Reaction Control System Experimental Utility Shielding Centrium Light Armor Plating Centrium Medium Armor Plating Graphene Brace Ghost Barrier Quantum Router > --- WEAPON ----------- Nanosword Nanosword CR-A16's Behemoth Slayer > --- INVENTORY -------- Micro Antimatter Reactor Cooled Field Propulsion Drive Improved Diametric Drive Improved Melee Analysis Suite Experimental Utility Shielding Warp Cannon Cooled Nova Cannon Cooled Nova Cannon Ragnarok Missile Launcher [Rating: 215] Favorites ----------- Power Micro Antimatter Reactor Engine Light Deuterium Engine Power Core Light Fission Core Reactor Micro Antimatter Reactor Propulsion Cooled Nuclear Pulse Thruster Treads Light Treads Leg Aluminum Leg Wheel Wheel Flight Unit Cooled Nuclear Pulse Thruster Utility Improved Hacking Suite Device ECM Suite Storage Large Storage Unit Processor Enhanced Optical Array Hackware Improved Hacking Suite Protection Improved Light Armor Plating Weapon Nanosword Energy Gun Improved EM Shotgun Energy Cannon Guided Plasma Cannon Ballistic Gun Light Assault Rifle Ballistic Cannon Improved Light Cannon Launcher Mini Grenade Launcher Special Weapon Remote Datajack Impact Weapon Heavy Hammer Slashing Weapon Nanosword Piercing Weapon CR-A16's Behemoth Slayer Special Melee Weapon Advanced Datajack Build | -11 -10 -9 -9 -9 -8 -8 -8 -7 -7 -7 -7 -6 -6 -6 -6 -6 -6 -6 -6 -5 -5 -5 -5 -5 -5 -4 -4 -4 -4 -4 -4 -4 -3 -3 -3 -3 -2 -1 -1 ------- Run | Yrd Mat Mat Min Exi Min Mat Sto Fac Low Low Zio Pro Fac Was Fac Ext Cet Arc Hub Fac Was Fac Upp Upp War Pro Fac Was Fac Upp Upp Zhi Pro Res Arm Lab Res Acc Com Slots Evolved 18 | . . 2 . . . 2 . 2 . . . . 2 . . . . . . 2 . . . . . . 2 . . . . . . 2 . . 2 2 . Power . | . . . . . . . . . . . . . . . . . . . . . . . . . . . . . . . . . . . . . . . . Propulsion 6 | . . 1 . . . 1 . 1 . . . . . . . . . . . 1 . . . . . . . . . . . . . 1 . . 1 . . Utility 11 | . . . . . . 1 . 1 . . . . 2 . . . . . . 1 . . . . . . 2 . . . . . . 1 . . 1 2 . Weapon 1 | . . 1 . . . . . . . . . . . . . . . . . . . . . . . . . . . . . . . . . . . . . Parts Attached 244 | 7 10 35 11 1 2 13 . 23 . . 2 . 8 3 10 11 3 2 3 13 1 10 1 . 4 1 16 . 6 2 . 5 . 15 . 5 3 5 13 Power 28 | 1 2 3 1 . . 3 . 1 . . . . . . 1 2 . 1 . 2 . 2 . . . . 1 . 1 . . 2 . 3 . 1 . . 1 Engine 14 | 1 1 3 1 . . 3 . 1 . . . . . . 1 1 . 1 . 1 . . . . . . . . . . . . . . . . . . . Core 5 | . 1 . . . . . . . . . . . . . . 1 . . . 1 . 2 . . . . . . . . . . . . . . . . . Reactor 9 | . . . . . . . . . . . . . . . . . . . . . . . . . . . 1 . 1 . . 2 . 3 . 1 . . 1 Propulsion 60 | 2 3 18 3 . 2 2 . 5 . . . . 2 . 1 2 . . 2 4 . 2 . . . . 2 . . . . 3 . 4 . . 1 . 2 Treads 13 | 2 . 10 1 . . . . . . . . . . . . . . . . . . . . . . . . . . . . . . . . . . . . Leg 9 | . 2 7 . . . . . . . . . . . . . . . . . . . . . . . . . . . . . . . . . . . . . Wheel 3 | . 1 . 2 . . . . . . . . . . . . . . . . . . . . . . . . . . . . . . . . . . . . Hover . | . . . . . . . . . . . . . . . . . . . . . . . . . . . . . . . . . . . . . . . . Flight 35 | . . 1 . . 2 2 . 5 . . . . 2 . 1 2 . . 2 4 . 2 . . . . 2 . . . . 3 . 4 . . 1 . 2 Utility 103 | 2 1 4 2 . . 4 . 8 . . 1 . 6 2 7 3 3 . . 7 . 5 1 . 3 1 12 . 3 2 . . . 8 . 1 2 5 10 Device 21 | 1 . . . . . 2 . 2 . . . . . . 2 1 2 . . 1 . . 1 . 3 1 . . . 1 . . . 1 . . . . 3 Storage 7 | 1 1 1 . . . . . 1 . . . . . . 1 . . . . . . 1 . . . . . . . . . . . . . . . . 1 Processor 9 | . . . . . . . . . . . . . 1 . 1 . . . . . . 1 . . . . 1 . . 1 . . . . . . . 1 3 Hackware 44 | . . . . . . 1 . 3 . . 1 . 4 2 1 . 1 . . 5 . 2 . . . . 10 . 2 . . . . 6 . . 2 4 . Protection 22 | . . 3 2 . . 1 . 2 . . . . 1 . 2 2 . . . 1 . 1 . . . . 1 . 1 . . . . 1 . 1 . . 3 Artifact . | . . . . . . . . . . . . . . . . . . . . . . . . . . . . . . . . . . . . . . . . Weapon 53 | 2 4 10 5 1 . 4 . 9 . . 1 . . 1 1 4 . 1 1 . 1 1 . . 1 . 1 . 2 . . . . . . 3 . . . Energy Gun 9 | . 3 5 . . . . . . . . . . . . . . . . . . . . . . . . . . . . . . . . . 1 . . . Energy Cannon 2 | . . . . . . . . 1 . . . . . . . . . . . . . . . . . . . . . . . . . . . 1 . . . Ballistic Gun 14 | 2 1 4 3 1 . . . 1 . . 1 . . . . . . . 1 . . . . . . . . . . . . . . . . . . . . Ballistic Cannon 2 | . . . . . . 1 . 1 . . . . . . . . . . . . . . . . . . . . . . . . . . . . . . . Launcher 5 | . . 1 1 . . 2 . . . . . . . . . . . . . . 1 . . . . . . . . . . . . . . . . . . Special Weapon 3 | . . . . . . . . 2 . . . . . . . . . . . . . . . . . . . . . . . . . . . 1 . . . Impact Weapon 2 | . . . 1 . . . . 1 . . . . . . . . . . . . . . . . . . . . . . . . . . . . . . . Slashing Weapon 9 | . . . . . . 1 . 2 . . . . . 1 1 1 . . . . . 1 . . . . . . 2 . . . . . . . . . . Piercing Weapon 3 | . . . . . . . . . . . . . . . . 2 . . . . . . . . 1 . . . . . . . . . . . . . . Special Melee Weapon 4 | . . . . . . . . 1 . . . . . . . 1 . 1 . . . . . . . . 1 . . . . . . . . . . . . Unidentified Prototypes 26 | . . 3 . . . . . 2 . . . . . . 1 . 1 . . . 1 . . . 4 . 1 . . . 1 2 . 1 1 6 1 . 1 Corrupted Parts 1 | . . . . . . . . . . . . . . 1 . . . . . . . . . . . . . . . . . . . . . . . . . System Corruption 2 | . . . . . . . . . . . . . . 2 . . . . . . . . . . . . . . . . . . . . . . . . . Parts Lost 55 | . 3 3 10 . . 4 . 6 . 1 . . . 1 . 7 . . . 3 . 3 . . . . 1 . 1 . . . . 2 . . . . 10 Power 13 | . 1 1 1 . . 2 . 1 . . . . . . . 2 . . . 1 . 1 . . . . 1 . . . . . . 1 . . . . 1 Propulsion 14 | . 2 . 3 . . 1 . 2 . . . . . . . 2 . . . 2 . . . . . . . . . . . . . . . . . . 2 Utility 18 | . . 1 2 . . 1 . 1 . . . . . 1 . 2 . . . . . 1 . . . . . . 1 . . . . 1 . . . . 7 Weapon 10 | . . 1 4 . . . . 2 . 1 . . . . . 1 . . . . . 1 . . . . . . . . . . . . . . . . . Highest Loss Streak 10 | . 2 1 10 . . 3 . 4 . 1 . . . 1 . 6 . . . 3 . 1 . . . . 1 . 1 . . . . 1 . . . . 7 To Critical Strikes . | . . . . . . . . . . . . . . . . . . . . . . . . . . . . . . . . . . . . . . . . Average Backups 11 | 1 7 12 14 14 14 5 4 9 10 10 10 10 9 7 7 9 10 10 9 9 10 12 15 15 15 15 14 14 14 15 15 15 15 14 15 13 14 14 11 Power . | . 1 . 1 1 1 . 1 . 1 1 1 1 1 . . 1 1 1 1 . . . 1 1 1 1 . 1 1 1 1 1 1 1 1 . . . . Propulsion 1 | . 1 4 7 7 7 1 . . . . . . . . 1 1 1 1 1 . 1 1 2 2 1 1 . . . . . . . . 1 . . 1 1 Utility 5 | . . 2 2 2 3 . . 5 6 6 5 5 4 3 2 4 4 5 5 5 5 8 10 10 10 10 10 11 11 12 12 11 11 9 10 9 10 9 5 Weapon 2 | 1 4 4 4 4 3 2 1 1 2 2 2 3 3 2 2 1 2 2 2 2 2 2 2 2 2 2 2 2 2 2 2 2 2 2 2 2 2 2 3 Tool/Special . | . . . . . . . . . . . . . . . . . . . . . . . . . . . . . . . . . . . . . . . . Unused Backups 56 | . 1 9 . 2 . 3 3 3 . . 1 . 1 3 3 2 2 1 . 2 . 5 . . 3 1 1 1 . . . 1 . 2 . . 1 . 5 Power 7 | . . . . . . . . . . . . . . 1 1 1 1 . . . . 2 . . 1 . . . . . . . . . . . . . . Propulsion 12 | . 1 1 . 1 . 2 . 2 . . . . . . 1 . 1 . . . . 1 . . . 1 . . . . . . . 1 . . . . . Utility 25 | . . 3 . 1 . 1 2 1 . . 1 . 1 2 1 1 . 1 . 1 . 2 . . 2 . 1 1 . . . 1 . 1 . . 1 . . Weapon 10 | . . 5 . . . . 1 . . . . . . . . . . . . . . . . . . . . . . . . . . . . . . . 4 Tool/Special 2 | . . . . . . . . . . . . . . . . . . . . 1 . . . . . . . . . . . . . . . . . . 1 Average Slot Usage (%) 91 | . 98 99 94 81 100 86 96 93 92 85 90 92 90 89 91 88 86 92 94 92 94 91 88 88 91 94 89 94 92 94 92 89 90 87 90 88 90 88 89 Engine 4 | . 4 10 10 11 11 8 9 6 7 7 7 7 5 6 5 5 6 6 6 2 . . . . . . . . . . . . . . . . . . . Core 1 | . 8 . . . . . . . . . . . . . . . . . . 2 5 5 5 5 5 5 . . . . . . . . . . . . . Reactor 1 | . . . . . . . . . . . . . . . . . . . . . . . . . . . 3 5 5 5 5 5 5 7 9 9 8 7 6 Treads 3 | . 17 14 28 11 11 . . . . . . . . . . . . . . . . . . . . . . . . . . . . . . . . . . Leg 1 | . 5 17 . . . . . . . . . . . . . . . . . . . . . . . . . . . . . . . . . . . . . Flight 24 | . . . . . . 36 33 37 38 38 38 38 32 33 33 32 33 33 33 34 35 31 29 29 29 29 26 26 24 26 25 25 25 21 22 22 25 23 22 Device 2 | . 13 . . . . 7 9 . . . . . 3 . . . . . . 1 . . 4 5 4 5 2 . . 4 5 4 5 . . . . . 6 Storage 5 | . 14 11 11 11 11 . . 5 7 7 7 7 6 3 4 6 6 6 6 5 5 5 5 5 5 5 5 5 5 5 5 5 5 4 4 4 4 3 3 Processor 5 | . . . . . . . . . . . . . 5 6 6 6 6 6 6 5 5 5 11 11 11 11 10 10 10 15 15 15 15 8 4 4 4 3 11 Hackware 16 | . . . . . . 5 9 18 23 23 23 23 20 23 23 17 13 13 13 22 23 23 17 17 17 17 23 26 25 21 20 20 20 22 22 22 24 23 12 Protection 5 | . . 10 9 11 11 9 9 2 . . . . 1 3 2 6 12 13 13 3 5 4 . . . . 4 5 5 . . . . 7 13 10 12 14 12 Energy Gun 1 | . 9 6 24 . . . . . . . . . . . . . . . . . . . . . . . . . . . . . . . . . . . . Ballistic Gun 4 | . 17 26 5 6 32 2 . . . . 5 7 5 3 . . . . 1 . . . . . . . . . . . . . . . . . . . . Slashing Weapon 5 | . . . . . . 6 9 6 7 7 7 7 5 9 12 7 6 6 6 5 5 4 5 5 5 5 5 5 6 10 10 10 10 8 9 9 8 6 7 Piercing Weapon 1 | . . . . . . . . . . . . . . . . 1 . . . . . 3 5 5 8 11 5 5 4 5 5 5 4 3 4 4 4 3 1 Special Melee Weapon 1 | . . . . . . . . 1 7 . . . . . . . . 5 6 5 5 1 . . . . 2 5 4 . . . . . . . . . . Peak Build Rating 215 | 7 10 23 23 19 24 32 33 49 49 54 50 51 67 69 75 74 67 68 72 90 99 108 99 97 113 109 136 137 147 144 140 148 142 177 175 176 194 213 215 Average Rating 86 | 5 8 15 21 16 18 28 31 42 49 46 49 50 60 64 68 64 61 67 68 83 91 95 97 97 102 106 119 136 137 140 139 140 141 166 173 171 193 200 207 On Entrance 86 | . 7 8 23 21 18 24 32 33 49 49 46 50 51 67 69 69 61 63 68 67 90 90 99 97 97 106 106 136 136 145 140 140 141 141 175 169 176 194 212 Naked Turns . | . . . . . . . . . . . . . . . . . . . . . . . . . . . . . . . . . . . . . . . . Heaviest Build 60 | 12 19 43 43 35 38 20 16 24 21 21 23 23 27 27 26 36 27 27 24 27 32 33 33 33 37 40 38 38 38 35 35 35 35 50 46 52 47 58 60 Greatest Support 69 | 40 40 69 69 20 20 20 20 28 28 28 28 28 28 31 33 33 27 27 31 44 24 49 49 38 46 38 51 39 51 39 51 39 51 59 50 50 66 66 69 Greatest Overweight (x) 12 | . 4 1 2 1 2 . . 1 . . . . 8 . . 1 . . . . 1 . . . . 1 12 . 1 . . . . . . 1 . 1 . Average Overweight (x) . | . . . . 1 1 . . . . . . . . . . . . . . . . . . . . . . . . . . . . . . . . . . Largest Inventory Capacity 15 | 8 10 15 15 15 15 15 5 10 10 10 10 10 10 10 10 10 10 10 10 10 10 15 15 15 15 15 15 15 15 15 15 15 15 15 15 15 15 15 15 Average Capacity 11 | 7 9 13 15 15 15 5 5 9 10 10 10 10 10 6 8 10 10 10 10 10 10 13 15 15 15 15 15 15 15 15 15 15 15 15 15 15 15 15 12 Most Carried 15 | 3 10 15 15 15 14 13 5 10 10 10 10 10 10 10 10 10 10 10 10 10 10 15 15 15 15 15 15 15 15 15 15 15 15 15 15 15 15 15 15 Average Carried 11 | 1 7 12 14 14 14 4 4 9 10 9 9 9 9 5 7 9 9 10 9 9 9 12 15 15 14 14 14 14 14 15 15 15 15 14 14 13 14 14 11 Final Capacity 15 | 8 10 15 15 15 15 5 5 10 10 10 10 10 10 5 10 10 10 10 10 10 10 15 15 15 15 15 15 15 15 15 15 15 15 15 15 15 15 15 10 Final Carried 15 | 3 10 15 15 14 14 4 5 10 10 10 10 10 10 4 10 10 10 10 10 10 10 15 15 15 15 15 14 15 15 15 15 15 15 15 15 15 15 15 4 Class Distribution -------------------- 37% | Hacker-Sprinter 20% | Wizard-Sprinter 8% | Commander-Sprinter 8% | Tank 4% | Mutant 4% | Hacker-Scout Dominant Class ---------------- Mutant | -10/Materials Tank | -9/Materials Tank | -9/Mines Scavenger-Mutant | -9/Exiles Scavenger-Skirmisher | -8/Mines Sprinter | -8/Materials Commander-Sprinter | -8/Storage Hacker-Sprinter | -7/Factory Hacker-Sprinter | -7/Lower Caves Hacker-Sprinter | -7/Lower Caves Hacker-Sprinter | -7/Zion Hacker-Sprinter | -6/Proximity Caves Hacker-Sprinter | -6/Factory Hacker-Sprinter | -6/Waste Hacker-Sprinter | -6/Factory Hacker-Sprinter | -6/Extension Commander-Sprinter | -6/Cetus Commander-Sprinter | -6/Archives Commander-Sprinter | -6/Hub_04(d) Hacker-Sprinter | -5/Factory Hacker-Sprinter | -5/Waste Hacker-Sprinter | -5/Factory Hacker-Scout | -5/Upper Caves Hacker-Scout | -5/Upper Caves Hacker-Scout | -5/Warlord Hacker-Scout | -4/Proximity Caves Hacker-Sprinter | -4/Factory Wizard-Sprinter | -4/Waste Wizard-Sprinter | -4/Factory Wizard-Scout | -4/Upper Caves Wizard-Scout | -4/Upper Caves Wizard-Scout | -4/Zhirov Wizard-Scout | -3/Proximity Caves Wizard-Sprinter | -3/Research Wizard-Sprinter | -3/Armory Wizard-Sprinter | -3/Lab Wizard-Sprinter | -2/Research Wizard-Sprinter | -1/Access Machinist-Sprinter | -1/Command Resources | -11 -10 -9 -9 -9 -8 -8 -8 -7 -7 -7 -7 -6 -6 -6 -6 -6 -6 -6 -6 -5 -5 -5 -5 -5 -5 -4 -4 -4 -4 -4 -4 -4 -3 -3 -3 -3 -2 -1 -1 ----------- Run | Yrd Mat Mat Min Exi Min Mat Sto Fac Low Low Zio Pro Fac Was Fac Ext Cet Arc Hub Fac Was Fac Upp Upp War Pro Fac Was Fac Upp Upp Zhi Pro Res Arm Lab Res Acc Com Matter Collected 6623 | 306 371 1215 267 80 92 335 182 479 . . . 39 150 . 293 450 20 50 20 265 10 161 . 49 60 25 293 32 101 182 52 50 100 609 . . 127 35 123 Remotely . | . . . . . . . . . . . . . . . . . . . . . . . . . . . . . . . . . . . . . . . . Salvage Created 11619 | 139 535 1941 548 . 141 274 328 893 . . . . 184 . 1454 1032 89 34 298 153 374 344 . . . 23 371 . 113 . . 135 60 751 . . 253 440 712 Parts 573 | 9 36 97 41 . 9 23 17 41 . . . . 8 . 51 37 6 4 20 3 7 22 . . . . 12 . 21 . . 3 4 52 . . 10 18 22 Haulers Intercepted 26 | . 1 6 . . . 2 3 6 . . . . 1 . 4 . . . . 1 . 1 . . . . 1 . . . . . . . . . . . . Recyclers Shooed 5 | . 1 2 . . 1 . . . . . . . . . . 1 . . . . . . . . . . . . . . . . . . . . . . . Parts Field Recycled . | . . . . . . . . . . . . . . . . . . . . . . . . . . . . . . . . . . . . . . . . Retrieved Matter . | . . . . . . . . . . . . . . . . . . . . . . . . . . . . . . . . . . . . . . . . Parts Self-Destructed 27 | . . . . . . . . . . 6 3 1 . . . . . . . . . . . 2 . 3 . . . 2 . . 10 . . . . . . Prevented 1 | . . . . . . . . . . . . 1 . . . . . . . . . . . . . . . . . . . . . . . . . . . Kills | -11 -10 -9 -9 -9 -8 -8 -8 -7 -7 -7 -7 -6 -6 -6 -6 -6 -6 -6 -6 -5 -5 -5 -5 -5 -5 -4 -4 -4 -4 -4 -4 -4 -3 -3 -3 -3 -2 -1 -1 ------- Run | Yrd Mat Mat Min Exi Min Mat Sto Fac Low Low Zio Pro Fac Was Fac Ext Cet Arc Hub Fac Was Fac Upp Upp War Pro Fac Was Fac Upp Upp Zhi Pro Res Arm Lab Res Acc Com Combat Hostiles Destroyed 144 | . 14 34 27 . 7 11 3 6 . . . . . . 1 8 . . . 1 . 4 . . . . 1 . 5 . . . 2 9 . . 2 5 4 Melee 16 | . . . . . . . 2 1 . . . . . . . 1 . . . 1 . 1 . . . . . . . . . . 2 3 . . 2 . 3 Guns 53 | . 14 22 14 . 3 . . . . . . . . . . . . . . . . . . . . . . . . . . . . . . . . . . Cannons 14 | . . . . . . . . . . . . . . . 1 6 . . . . . 1 . . . . . . 1 . . . . 1 . . . 3 1 AOE 54 | . . 12 12 . 4 11 1 5 . . . . . . . . . . . . . 1 . . . . . . 4 . . . . 4 . . . . . Classes Destroyed 20 | 2 5 3 2 . . 1 . 1 . . . . . . 2 1 . . . 1 . 1 . . . 1 . . . . . . . . . . . . . Worker 26 | . 1 2 1 . . 4 1 1 . . . . . . 1 . . . 5 . . . . . . . . . 2 . . . . 5 . . . . 3 Builder 9 | . . . . . . . . . . . . . . . 1 3 . . . . . 1 . . . . . . 2 . . . . 2 . . . . . Tunneler 4 | 2 . . 2 . . . . . . . . . . . . . . . . . . . . . . . . . . . . . . . . . . . . Hauler 26 | . 1 6 . . . 2 3 6 . . . . 1 . 4 . . . . 1 . 1 . . . . 1 . . . . . . . . . . . . Recycler 21 | 1 . 3 1 . . . . 4 . . . . . . 6 3 . . . . . . . . . . . . . . . . . 1 . . . . 2 Minesweeper 2 | . . . . . . . . . . . . . . . . . . . . . . . . . . 1 . . . . . . 1 . . . . . . Mechanic 2 | . . . . . . . . . . . . . . . 1 . . . . . . . . . . . . . . . . . . 1 . . . . . Operator 10 | . . . . . . 1 1 . . . . . 1 . 1 1 . 1 . . . 2 . . . . 1 . 1 . . . . . . . . . . Drone 3 | . . . . . . . . . . . . . . . . . . . . 1 . . . . . . . . . . . . 2 . . . . . . Watcher 38 | . 3 5 . . . 3 1 4 . . . . 2 . 3 2 . . 1 2 . 1 . . . . 3 . 1 . . . . 2 . . 2 1 2 Swarmer 53 | . 6 3 13 . 4 11 1 4 . . . . . . . . . . . . . 1 . . . . . . 5 . . . . 5 . . . . . Cutter 2 | . . . . . . . . . . . . . . . . . . . . . . 2 . . . . . . . . . . . . . . . . . Grunt 37 | . 8 20 1 . 2 . . . . . . . . . . 1 . . . . . . . . . . . . . . . . . . . . 1 4 . Brawler 4 | . . 2 1 . 1 . . . . . . . . . . . . . . . . . . . . . . . . . . . . . . . . . . Duelist 2 | . . 1 1 . . . . . . . . . . . . . . . . . . . . . . . . . . . . . . . . . . . . Sentry 20 | . . 8 . . . . 2 1 . . . . . . 1 5 . . . . . . . . . . . . . . . . . 1 . . . 1 1 Demolisher 1 | . . . 1 . . . . . . . . . . . . . . . . . . . . . . . . . . . . . . . . . . . . Programmer 5 | . . . . . . . . 1 . . . . . . . 1 . . . . . . . . . . . . . . . . . 2 . . 1 . . Behemoth 4 | . . . . . . . . . . . . . . . . 1 . . . . . 1 . . . . 1 . . . . . . 1 . . . . . M Guard 1 | . . . . . . . . . . . . . . . . . . . . . . . . . . . . . . . . . . . . . . . 1 Enhanced Grunt 1 | . . . . . . . . . . . . . . . . . . . 1 . . . . . . . . . . . . . . . . . . . . Combat Programmer 1 | . . . . . . . . . . . . . . . . . . . . . . . . . . . . . . . . . . . . . . . 1 Assembled 10 | . . . 10 . . . . . . . . . . . . . . . . . . . . . . . . . . . . . . . . . . . . Thug 2 | . . . . . . . . . . . . . . . . . . . 2 . . . . . . . . . . . . . . . . . . . . Martyr 1 | . . . . . . . . . . . . . . . . . . . . . 1 . . . . . . . . . . . . . . . . . . Best Kill Streak 10 | 3 4 7 10 . 4 6 2 4 . . . . 2 . 2 3 . 1 4 1 . 3 . . . 1 1 . 6 . . . 2 6 . . 2 5 3 Combat Bots Only 10 | . 3 7 10 . 4 4 1 3 . . . . . . 1 2 . . . 1 . 3 . . . . 1 . 5 . . . 2 5 . . 1 5 1 Max Kills in Single Turn 5 | 1 2 4 3 . 2 3 1 2 . . . . 1 . 1 1 1 1 5 1 1 1 . . . 1 1 . 3 . . . 1 5 . . 1 1 1 Gunslinging 1 | . . 1 1 . . . . . . . . . . . . . . . . . . . . . . . . . . . . . . . . . . . . Exploded 4 | . . 4 2 . 2 2 1 2 . . . . . . . . . . . . . 1 . . . . . . 2 . . . . 4 . . . . . Melee 1 | . . . . . . . 1 1 . . . . . . . 1 . . . 1 . 1 . . . . . . . . . . 1 1 . . 1 . 1 Uniques/NPCs Destroyed 2 | . . . . . . . . . . . . . . . . . 1 . . . . . . . . . . . . . . . . . . . . . 1 A7 (-6/Cetus) MAIN.C (-1/Command) Combat | -11 -10 -9 -9 -9 -8 -8 -8 -7 -7 -7 -7 -6 -6 -6 -6 -6 -6 -6 -6 -5 -5 -5 -5 -5 -5 -4 -4 -4 -4 -4 -4 -4 -3 -3 -3 -3 -2 -1 -1 -------- Run | Yrd Mat Mat Min Exi Min Mat Sto Fac Low Low Zio Pro Fac Was Fac Ext Cet Arc Hub Fac Was Fac Upp Upp War Pro Fac Was Fac Upp Upp Zhi Pro Res Arm Lab Res Acc Com Hostile Shots Fired 1012 | . 92 121 85 . 21 84 3 31 1 27 . 5 11 1 18 109 . . 11 22 . 45 7 . . . 28 . 24 . . . 13 118 . . . 31 104 Missed 423 | . 19 28 20 . 3 40 . 19 1 12 . 2 7 . 13 59 . . 7 15 . 24 5 . . . 16 . 13 . . . 7 59 . . . 17 37 Intercepted 4 | . . . . . . . . . . . . . . . . . . . . . . . . . . . . . . . . . . . . . . . 4 Hits 589 | . 73 93 65 . 18 44 3 12 . 15 . 3 4 1 5 50 . . 4 7 . 21 2 . . . 12 . 11 . . . 6 59 . . . 14 67 Melee 8 | . . . 3 . . 1 . . . . . . . 1 . . . . . . . 3 . . . . . . . . . . . . . . . . . Projectile 581 | . 73 93 62 . 18 43 3 12 . 15 . 3 4 . 5 50 . . 4 7 . 18 2 . . . 12 . 11 . . . 6 59 . . . 14 67 AOE 20 | . . . 13 . . . . . . . . . . . . . . . . 1 . 2 . . . . . . . . . . . . . . . . 4 Critical Strikes 14 | . . 1 . . . . . 1 . . . . . . . 1 . . . . . 2 . . . . 2 . . . . . . 3 . . . . 4 Actively Blocked 10 | . . . . . . . . . . . . . . . . . . . . . . 1 . . . . 2 . . . . . . 3 . . . . 4 Part Disruptions 5 | . . . 1 . . . . . . . . . . . . . . . . . . . . . . . . . . . . . . 2 . . . . 2 Damage Taken 12300 | . 792 1238 1323 . 227 615 40 285 . 232 . 59 43 48 59 859 29 . 205 249 . 449 43 . . . 175 . 246 . . . 36 1268 . . . 342 3438 Core 2042 | . 142 92 95 . 63 141 15 29 . 35 . . 11 48 15 236 29 . 41 63 . 108 . . . . . . 75 . . . 5 223 . . . 74 502 Absorbed by Shields 14 | . . . . . . . . . . . . . . . . 9 . . . 5 . . . . . . . . . . . . . . . . . . . Redirected to Shielding 1229 | . . . . . . . . . . . . . . . . 70 . . 55 . . 99 20 . . . 84 . . . . . . 242 . . . 86 573 Regen/Repaired (Parts) 2070 | . 106 . . . . 106 95 . . . 64 . 145 . . . . . . 50 . 21 . . 41 . 237 . 301 . . . . 684 . . . . 220 Core Remaining (%) 75 | 100 43 . . . 37 . 71 . . . . 90 . . . . . . 55 . . . . . . 82 . . . . . . 93 . . 99 100 . 64 Volleys Fired 450 | 9 69 94 38 . 20 15 4 69 . 1 . . 1 . 4 41 . . 10 . . 8 . . . . 6 . 7 1 . . 4 23 . . . 13 13 Largest 3 | 2 2 3 3 . 3 1 1 1 . 1 . . 1 . 1 1 . . 1 . . 1 . . . . 1 . 1 1 . . 1 1 . . . 1 1 Hottest 135 | 40 60 135 135 . 60 36 33 30 . 120 . . 120 . 120 120 . . 33 . . 120 . . . . 120 . 120 120 . . 120 120 . . . 100 120 Shots Fired 764 | 18 138 262 76 . 50 15 4 69 . 1 . . 1 . 4 41 . . 10 . . 8 . . . . 6 . 7 1 . . 4 23 . . . 13 13 Gun 526 | 18 138 252 63 . 45 . . . . . . . . . . . . . 10 . . . . . . . . . . . . . . . . . . . . Cannon 127 | . . . . . . 6 3 . . 1 . . 1 . 4 41 . . . . . 7 . . . . 6 . 5 1 . . 4 22 . . . 13 13 Launcher 52 | . . 10 13 . 5 9 1 10 . . . . . . . . . . . . . 1 . . . . . . 2 . . . . 1 . . . . . Special 59 | . . . . . . . . 59 . . . . . . . . . . . . . . . . . . . . . . . . . . . . . . . Kinetic 415 | 18 99 222 12 . 45 6 3 . . . . . . . . . . . 10 . . . . . . . . . . . . . . . . . . . . Thermal 178 | . 39 21 . . . . . . . 1 . . 1 . 4 41 . . . . . 7 . . . . 6 . 5 1 . . 4 22 . . . 13 13 Explosive 52 | . . 10 13 . 5 9 1 10 . . . . . . . . . . . . . 1 . . . . . . 2 . . . . 1 . . . . . Electromagnetic 60 | . . 9 51 . . . . . . . . . . . . . . . . . . . . . . . . . . . . . . . . . . . . Robot Hit Streak 16 | 4 16 15 12 . 6 5 . 6 . . . . . . . . . . . . . 4 . . . . . . 1 . . . . . . . . 5 9 Robot Miss Streak 5 | 1 5 5 5 . 2 1 2 4 . . . . . . . . . . . . . 1 . . . . . . 1 . . . . . . . . . . Penetration Max . | . . . . . . . . . . . . . . . . . . . . . . . . . . . . . . . . . . . . . . . . Secondary Targets 9 | . 2 1 6 . . . . . . . . . . . . . . . . . . . . . . . . . . . . . . . . . . . . Max Gunslinging Chain 2 | . 1 1 2 . . . . . . . . . . . . . . . . . . . . . . . . . . . . . . . . . . . . Shots Hit Robots 770 | 11 93 161 43 . 30 21 19 74 . . . . 9 . 37 31 22 4 6 13 15 12 . . . 5 22 . 10 . . 3 3 24 . . 6 5 91 Core Hits 389 | 6 36 80 50 . 14 21 9 21 . . . . 4 . 16 19 3 1 16 3 3 8 . . . 2 5 . 9 . . 1 2 21 . . 3 6 30 Critical Kills 3 | . 1 . . . . . . . . . . . . . . . . . . . . . . . . . . . . . . . . . . . . 2 . Critical Parts Destroyed 2 | . 1 1 . . . . . . . . . . . . . . . . . . . . . . . . . . . . . . . . . . . . . Critical Strikes 28 | . 2 1 . . . 1 1 2 . . . . 2 . 4 . 2 . 1 2 1 . . . . 1 . . . . . . . 2 . . 1 2 3 Meltdown 2 | . . . . . . . . . . . . . . . . . . . . . . . . . . . . . . . . . . . . . . 2 . Destroy 3 | . 2 1 . . . . . . . . . . . . . . . . . . . . . . . . . . . . . . . . . . . . . Sever 21 | . . . . . . 1 1 2 . . . . 2 . 4 . 2 . 1 2 1 . . . . . . . . . . . . 2 . . 1 . 2 Impale 1 | . . . . . . . . . . . . . . . . . . . . . . . . . . . . . . . . . . . . . . . 1 Sunder 1 | . . . . . . . . . . . . . . . . . . . . . . . . . . 1 . . . . . . . . . . . . . Melee Attacks 1058 | . . . 1 . . 39 31 86 . 11 1 . 42 . 106 41 22 4 7 63 15 47 1 8 3 29 91 . 54 2 9 4 32 124 . 12 14 39 120 Impact 12 | . . . 1 . . 11 . . . . . . . . . . . . . . . . . . . . . . . . . . . . . . . . . Slashing 908 | . . . . . . 28 31 73 . 11 1 . 42 . 106 22 22 4 6 63 15 40 1 6 2 22 72 . 45 1 8 3 29 100 . 10 10 34 101 Piercing 105 | . . . . . . . . . . . . . . . . 9 . . . . . 7 . 2 . 2 18 . 7 1 1 1 3 24 . 2 4 5 19 Entropic 6 | . . . . . . . . . . . . . . . . . . . . . . . . . 1 5 . . . . . . . . . . . . . Sneak Attacks 145 | . . . 1 . . 7 7 23 . . . . 2 . 19 17 22 1 2 4 2 5 . . . 1 3 . 6 . . . 1 11 . . 1 1 9 Combat Hostiles 9 | . . . . . . . . . . . . . . . . . . . . 1 . . . . . . . . 1 . . . . 2 . . 1 . 4 Follow-up Attacks 46 | . . . . . . . . . . . . . . . 4 2 . . . . . . . . . 2 4 . . . . . 2 9 . . 3 . 20 Damage Inflicted 36338 | 112 1020 2842 1636 . 449 1852 973 2053 . . . . 663 . 3178 2619 1289 267 941 774 719 895 . . . 263 1176 . 1337 . . 411 205 2849 . . 446 678 6691 Guns 4013 | 112 1020 2078 556 . 247 . . . . . . . . . . . . . . . . . . . . . . . . . . . . . . . . . . Cannons 2864 | . . . . . . 19 . . . . . . . . 72 1190 . . . . . 178 . . . . 33 . 39 . . . . 348 . . . 565 420 Explosions 5191 | . . 764 1042 . 202 1047 40 368 . . . . . . . . . . 675 . . 139 . . . . . . 523 . . . . 391 . . . . . Melee 24270 | . . . 38 . . 786 933 1685 . . . . 663 . 3106 1429 1289 267 266 774 719 578 . . . 263 1143 . 775 . . 411 205 2110 . . 446 113 6271 Ramming . | . . . . . . . . . . . . . . . . . . . . . . . . . . . . . . . . . . . . . . . . Kinetic 3028 | 112 731 1788 131 . 247 19 . . . . . . . . . . . . . . . . . . . . . . . . . . . . . . . . . Thermal 3589 | . 289 249 206 . . . . . . . . . . . 72 1190 . . . . . 178 . . . . 33 . 39 . . . . 348 . . . 565 420 Explosive 4235 | . . 689 836 . 202 1047 40 368 . . . . . . . . . . . . . 139 . . . . . . 523 . . . . 391 . . . . . Electromagnetic 1216 | . . 116 425 . . . . . . . . . . . . . . . 675 . . . . . . . . . . . . . . . . . . . . Impact 167 | . . . 38 . . 129 . . . . . . . . . . . . . . . . . . . . . . . . . . . . . . . . . Slashing 22966 | . . . . . . 657 933 1685 . . . . 663 . 3106 1237 1289 267 266 774 719 578 . . . 158 982 . 775 . . 411 180 1973 . . 394 113 5806 Piercing 1055 | . . . . . . . . . . . . . . . . 192 . . . . . . . . . 23 161 . . . . . 25 137 . . 52 . 465 Entropic 82 | . . . . . . . . . . . . . . . . . . . . . . . . . . 82 . . . . . . . . . . . . . Highest Corruption 11 | . . 1 5 5 5 . . 1 1 1 1 . . 9 11 1 . . 2 . . 1 1 1 1 . . . . . . . . 3 3 3 . . 10 Average Corruption 2 | . . 1 2 5 5 . . 1 1 1 1 . . 7 10 1 . . 2 . . 1 1 1 1 . . . . . . . . 2 3 3 . . 5 Corruption Purged 12 | . . . . . . . . . . . . . . . 11 1 . . . . . . . . . . . . . . . . . . . . . . . Corruption Blocked . | . . . . . . . . . . . . . . . . . . . . . . . . . . . . . . . . . . . . . . . . Effects 132 | . . 16 14 6 9 . . 15 . 2 . . . 1 34 2 . . . . . 2 . 2 . . . . . . . . . 10 . 6 . . 13 Message Errors 30 | . . 3 7 1 3 . . 6 . 1 . . . . 4 . . . . . . 1 . . . . . . . . . . . . . 3 . . 1 Matter Fused 30 | . . 6 1 . 1 . . 1 . 1 . . . 1 8 . . . . . . . . . . . . . . . . . . 5 . 2 . . 4 Heat Flow Errors 18 | . . 2 1 1 1 . . 1 . . . . . . 5 1 . . . . . . . 1 . . . . . . . . . 1 . . . . 4 Energy Discharges 14 | . . 1 3 . . . . 3 . . . . . . 4 . . . . . . . . 1 . . . . . . . . . 1 . 1 . . . Parts Rejected 5 | . . . 1 . . . . . . . . . . . 2 . . . . . . . . . . . . . . . . . . 1 . . . . 1 Parts Fused 2 | . . . . . 1 . . . . . . . . . 1 . . . . . . . . . . . . . . . . . . . . . . . . Data Loss (minor) 19 | . . 2 1 2 2 . . . . . . . . . 6 . . . . . . 1 . . . . . . . . . . . 2 . . . . 3 Data Loss (major) 8 | . . 1 . 1 . . . 4 . . . . . . 2 . . . . . . . . . . . . . . . . . . . . . . . . Misfires 1 | . . 1 . . . . . . . . . . . . . . . . . . . . . . . . . . . . . . . . . . . . . Alerts 3 | . . . . 1 1 . . . . . . . . . . 1 . . . . . . . . . . . . . . . . . . . . . . . Misdirections 2 | . . . . . . . . . . . . . . . 2 . . . . . . . . . . . . . . . . . . . . . . . . Overload Shots . | . . . . . . . . . . . . . . . . . . . . . . . . . . . . . . . . . . . . . . . . Overflow Damage 3731 | . . 17 56 . . 99 99 184 . . . . 35 . 657 352 23 104 43 95 38 106 . . . 80 160 . 393 . . 154 70 581 . . 80 21 284 Projectiles 47 | . . . . . . . . . . . . . . . . 1 . . . . . . . . . . . . 25 . . . . . . . . 21 . Explosions 129 | . . 17 43 . . 45 . 4 . . . . . . . . . . . . . . . . . . . . 20 . . . . . . . . . . Melee 3555 | . . . 13 . . 54 99 180 . . . . 35 . 657 351 23 104 43 95 38 106 . . . 80 160 . 348 . . 154 70 581 . . 80 . 284 Knockbacks 2 | . . . 1 . . 1 . . . . . . . . . . . . . . . . . . . . . . . . . . . . . . . . . Impact 2 | . . . 1 . . 1 . . . . . . . . . . . . . . . . . . . . . . . . . . . . . . . . . Kinetic . | . . . . . . . . . . . . . . . . . . . . . . . . . . . . . . . . . . . . . . . . Secondary . | . . . . . . . . . . . . . . . . . . . . . . . . . . . . . . . . . . . . . . . . Self-Inflicted Damage 363 | . . 59 139 . . . . . . . . . . . . . . . 165 . . . . . . . . . . . . . . . . . . . . Shots 8 | . . 2 4 . . . . . . . . . . . . . . . 2 . . . . . . . . . . . . . . . . . . . . Rammed . | . . . . . . . . . . . . . . . . . . . . . . . . . . . . . . . . . . . . . . . . Targets Rammed . | . . . . . . . . . . . . . . . . . . . . . . . . . . . . . . . . . . . . . . . . Kicked . | . . . . . . . . . . . . . . . . . . . . . . . . . . . . . . . . . . . . . . . . Crushed . | . . . . . . . . . . . . . . . . . . . . . . . . . . . . . . . . . . . . . . . . Highest Temperature 430 | . 172 260 430 179 192 16 . 252 45 80 60 25 70 47 253 264 1 . 153 120 . 346 113 233 155 . 107 . 323 58 52 . 66 241 . . . 224 311 Average Temperature 57 | . 44 77 118 93 73 7 . 56 20 26 24 10 11 21 81 79 1 . 82 18 . 106 60 117 81 . 36 . 68 28 29 . 26 66 . . . 78 85 Received Heat Transfer 1951 | . 339 489 120 . 108 234 9 39 . . . 9 12 . 6 130 . . 12 12 . 36 21 . . . 21 . 27 . . . . 120 . . . 36 171 Effects 6 | . . 4 1 . . . . 1 . . . . . . . . . . . . . . . . . . . . . . . . . . . . . . . Shutdowns 1 | . . . 1 . . . . . . . . . . . . . . . . . . . . . . . . . . . . . . . . . . . . Energy Bleed 2 | . . 1 . . . . . 1 . . . . . . . . . . . . . . . . . . . . . . . . . . . . . . . Interference 3 | . . 3 . . . . . . . . . . . . . . . . . . . . . . . . . . . . . . . . . . . . . Siege Activations . | . . . . . . . . . . . . . . . . . . . . . . . . . . . . . . . . . . . . . . . . Martial Activations . | . . . . . . . . . . . . . . . . . . . . . . . . . . . . . . . . . . . . . . . . Shielding Activations . | . . . . . . . . . . . . . . . . . . . . . . . . . . . . . . . . . . . . . . . . Robots Disrupted . | . . . . . . . . . . . . . . . . . . . . . . . . . . . . . . . . . . . . . . . . Combat Hostiles . | . . . . . . . . . . . . . . . . . . . . . . . . . . . . . . . . . . . . . . . . Robots Corrupted 5 | . . . 2 . . 2 . . . . . . . . . . . . 1 . . . . . . . . . . . . . . . . . . . . Combat Hostiles 1 | . . . 1 . . . . . . . . . . . . . . . . . . . . . . . . . . . . . . . . . . . . Parts Fried 5 | . . . 1 . . 3 . . . . . . . . . . . . 1 . . . . . . . . . . . . . . . . . . . . Impact Corruptions 3 | . . . 1 . . 2 . . . . . . . . . . . . . . . . . . . . . . . . . . . . . . . . . Robots Melted 2 | . . . . . . . . . . . . . . . . . . . . . . . . . . . . . . . . . . . . . . 2 . Combat Hostiles 2 | . . . . . . . . . . . . . . . . . . . . . . . . . . . . . . . . . . . . . . 2 . Parts Melted 7 | . 1 . . . . . 2 . . . . . . . . . . . . . . . . . . . . . . . . . . . . . . 4 . Heat Transferred 6804 | . 650 450 300 . . . . . . . . . . . 160 2720 . . . . . 400 . . . . 80 . 80 . . . . 800 . . . 444 720 Parts Sabotaged . | . . . . . . . . . . . . . . . . . . . . . . . . . . . . . . . . . . . . . . . . Parts Stolen . | . . . . . . . . . . . . . . . . . . . . . . . . . . . . . . . . . . . . . . . . Parts Stripped . | . . . . . . . . . . . . . . . . . . . . . . . . . . . . . . . . . . . . . . . . Power Chain Reactions 5 | . . 1 4 . . . . . . . . . . . . . . . . . . . . . . . . . . . . . . . . . . . . Alert | -11 -10 -9 -9 -9 -8 -8 -8 -7 -7 -7 -7 -6 -6 -6 -6 -6 -6 -6 -6 -5 -5 -5 -5 -5 -5 -4 -4 -4 -4 -4 -4 -4 -3 -3 -3 -3 -2 -1 -1 ------- Run | Yrd Mat Mat Min Exi Min Mat Sto Fac Low Low Zio Pro Fac Was Fac Ext Cet Arc Hub Fac Was Fac Upp Upp War Pro Fac Was Fac Upp Upp Zhi Pro Res Arm Lab Res Acc Com Maximum Alert Level 3 | . . 2 1 . 1 2 3 2 . . . . . . . 1 . . 3 2 . 1 . . . . . . . . . . . 3 . . . . . Low Security (%) 75 | 100 100 71 14 . 95 40 21 19 . . . . 100 100 100 96 100 100 30 39 100 93 . . . . 100 100 100 . . . . 47 100 . 100 100 100 Level 1 19 | . . 14 85 . 4 35 25 79 . . . . . . . 3 . . 20 46 . 6 . . . . . . . . . . . 43 . . . . . Level 2 3 | . . 14 . . . 24 18 1 . . . . . . . . . . 21 13 . . . . . . . . . . . . . 3 . . . . . Level 3 1 | . . . . . . . 34 . . . . . . . . . . . 27 . . . . . . . . . . . . . . 5 . . . . . Level 4 . | . . . . . . . . . . . . . . . . . . . . . . . . . . . . . . . . . . . . . . . . Level 5 . | . . . . . . . . . . . . . . . . . . . . . . . . . . . . . . . . . . . . . . . . High Security . | . . . . . . . . . . . . . . . . . . . . . . . . . . . . . . . . . . . . . . . . Max Security . | . . . . . . . . . . . . . . . . . . . . . . . . . . . . . . . . . . . . . . . . Peak Influence 1021 | 5 111 536 389 . 201 650 838 412 . . . . 71 26 132 224 198 131 1021 509 52 298 . . . . 126 40 184 . . . . 787 184 . 40 115 59 Initial 499 | . . 3 197 . . 66 263 341 . . . . 15 21 11 64 118 23 . 499 52 . . . . . . 40 7 . . . . 300 184 . . 23 55 Average 127 | . 38 186 270 . 44 289 467 267 . . . . 8 20 29 51 129 18 440 270 16 83 . . . . 31 28 32 . . . . 243 184 . 3 36 10 Influence Increases 14269 | 15 468 1102 486 . 241 1088 1033 881 90 75 . 98 328 15 514 771 140 171 1171 466 . 1295 60 . 104 5 515 . 537 . 15 5 60 1797 . . 91 358 274 Destroy 0b10 Robot/C 4200 | . 280 680 340 . 140 220 440 180 . . . 20 20 . 100 360 80 80 200 80 . 340 . . 80 . 60 . 100 . . . . 180 . . 40 100 80 Destroy 0b10 Robot/NC 735 | 15 25 80 20 . . 50 35 75 . . . . 20 . 85 55 5 5 30 20 . 25 . . . 5 25 . 35 . . 5 15 55 . . 10 5 35 Destroy Leader 936 | . 68 192 60 . 20 40 128 60 . . . 10 4 . 54 36 . . 42 16 . 72 . . . . 28 . 12 . . . . 44 . . 14 22 14 Allied During Kill 1017 | . . . . . . . 277 17 . . . 8 4 . 7 117 54 85 267 . . 143 . . 24 . 14 . . . . . . . . . . . . Trap Triggered on 0b10 130 | . . . . . . . . . . . . . . . . 10 . . 30 10 . 40 . . . . . . . . . . . . . . . . 40 Successful Hack 875 | . 50 16 . . . 43 24 100 . . . . 70 . 56 30 . . 25 66 . 115 . . . . 94 . 38 . . . . 85 . . . 39 24 Select Force Hacks 120 | . . . . . . . 30 30 . . . . . . . . . . . . . 60 . . . . . . . . . . . . . . . . . Disable Machine 495 | . . 45 . . 30 60 15 30 . . . . 30 . 15 . . . 165 15 . 45 . . . . . . 15 . . . . 30 . . . . . Anti-Garrison Action 150 | . . . . . . . . . . . . . . . . . . . 150 . . . . . . . . . . . . . . . . . . . . Destroy Structure 1456 | . . 74 66 . 36 75 24 89 . . . . 30 . 47 13 1 1 232 94 . 110 . . . . 114 . 142 . . . . 158 . . 12 87 51 Advance Influence 300 | . . . . . . . . . . . . . . . . . . . . . . . . . . . . . . . . . . 300 . . . . . Partial Spotted 720 | . . . . . . 60 45 105 . . . . 45 15 30 . . . . 45 . 30 . . . . 90 . 60 . . . . 135 . . 15 15 30 Lose Combat Pursuer 3135 | . 45 15 . . 15 540 15 195 90 75 . 60 105 . 120 150 . . 30 120 . 315 60 . . . 90 . 135 . 15 . 45 810 . . . 90 . Influence Decreases 14213 | 15 458 605 832 161 68 635 907 1401 127 118 152 73 291 61 398 691 294 229 150 1336 151 999 140 132 126 67 399 106 363 129 70 5 60 1444 169 184 52 310 305 Entered New Map 3368 | . . 7 310 161 . 107 363 411 87 38 152 . 10 41 5 68 94 35 . 522 99 . 110 42 84 62 . 76 3 69 11 . . . 169 184 . 16 32 Time Decay 7617 | 15 428 568 422 . 68 318 294 550 40 70 . 40 179 10 338 497 160 161 70 574 52 540 30 90 42 5 353 30 297 60 59 5 60 654 . . 52 294 192 Search Patrol Dispatched 150 | . . . . . . . . . . . . . . . . . . . . . . . . . . . . . . . . . . 150 . . . . . Lost Part 436 | . 30 30 100 . . 40 . 60 . 10 . . . 10 . 40 . . . 30 . 30 . . . . . . 10 . . . . 20 . . . . 26 Lost Ally 1110 | . . . . . . 20 100 80 . . . 33 34 . 55 86 40 33 80 60 . 429 . . . . 20 . 20 . . . . 20 . . . . . Purge Threat 1532 | . . . . . . 150 150 300 . . . . 68 . . . . . . 150 . . . . . . 26 . 33 . . . . 600 . . . . 55 Squads Dispatched 132 | . 2 4 . . . 5 4 16 . . . . 8 . 9 . . . 5 10 . 21 . . . . 12 . 5 . . . . 19 . . 3 4 5 Investigation 58 | . 1 3 . . . 2 2 7 . . . . 4 . 2 . . . 2 4 . 7 . . . . 6 . 2 . . . . 9 . . 3 2 2 Extermination 43 | . . . . . . . . 5 . . . . 3 . 5 . . . . 5 . 5 . . . . 5 . 3 . . . . 7 . . . 2 3 Reinforcement 22 | . 1 1 . . . 2 2 1 . . . . 1 . 2 . . . 1 . . 7 . . . . 1 . . . . . . 3 . . . . . Assault 2 | . . . . . . . . . . . . . . . . . . . 2 . . . . . . . . . . . . . . . . . . . . Garrison 7 | . . . . . . 1 . 3 . . . . . . . . . . . 1 . 2 . . . . . . . . . . . . . . . . . Intercept . | . . . . . . . . . . . . . . . . . . . . . . . . . . . . . . . . . . . . . . . . Searches Triggered 1 | . . . . . . . . . . . . . . . . . . . . . . . . . . . . . . . . . . 1 . . . . . Construction Impeded 4 | . . . . . . 1 . . . . . . . . . . . . . . . 1 . . . . 1 . . . . . . 1 . . . . . Haulers Reinforced 1 | . . . . . . . . . . . . . . . 1 . . . . . . . . . . . . . . . . . . . . . . . . Active Scanning Responses . | . . . . . . . . . . . . . . . . . . . . . . . . . . . . . . . . . . . . . . . . Cargo Convoy Interrupts 1 | . . . . . . . . . . . . . . . . . . . . . . 1 . . . . . . . . . . . . . . . . . Stealth | -11 -10 -9 -9 -9 -8 -8 -8 -7 -7 -7 -7 -6 -6 -6 -6 -6 -6 -6 -6 -5 -5 -5 -5 -5 -5 -4 -4 -4 -4 -4 -4 -4 -3 -3 -3 -3 -2 -1 -1 --------- Run | Yrd Mat Mat Min Exi Min Mat Sto Fac Low Low Zio Pro Fac Was Fac Ext Cet Arc Hub Fac Was Fac Upp Upp War Pro Fac Was Fac Upp Upp Zhi Pro Res Arm Lab Res Acc Com Distress Signals 43 | . . . . . . 3 5 1 . . . . 1 . 3 1 . . 2 1 . 1 . . . . 3 . . . . . . 1 . . 6 2 13 Communications Jammed . | . . . . . . . . . . . . . . . . . . . . . . . . . . . . . . . . . . . . . . . . Distress Signals . | . . . . . . . . . . . . . . . . . . . . . . . . . . . . . . . . . . . . . . . . Times Spotted 579 | . 24 42 30 . 6 59 20 31 6 9 . 7 22 5 15 19 5 2 19 25 . 37 8 . 11 . 29 . 20 . 1 . 9 70 . . 3 25 20 Peak Tracking Total 22 | . 3 4 11 . 4 15 6 7 3 5 . 9 3 5 4 5 5 1 6 7 . 6 4 . 7 . 9 . 10 . 1 . 9 22 . . 2 14 5 Tactical Retreats 110 | . 3 1 . . 1 13 1 7 3 1 . 2 7 . 4 8 . . 2 8 . 11 1 . . . 9 . 4 . 1 . 4 17 . . . 2 . Traps | -11 -10 -9 -9 -9 -8 -8 -8 -7 -7 -7 -7 -6 -6 -6 -6 -6 -6 -6 -6 -5 -5 -5 -5 -5 -5 -4 -4 -4 -4 -4 -4 -4 -3 -3 -3 -3 -2 -1 -1 ------- Run | Yrd Mat Mat Min Exi Min Mat Sto Fac Low Low Zio Pro Fac Was Fac Ext Cet Arc Hub Fac Was Fac Upp Upp War Pro Fac Was Fac Upp Upp Zhi Pro Res Arm Lab Res Acc Com Traps Triggered 32 | . 3 3 . . . 2 . 6 . . . . 1 . 4 1 . . 1 3 . . . . . . 3 . . . . . . 3 . . . 1 1 Indirectly . | . . . . . . . . . . . . . . . . . . . . . . . . . . . . . . . . . . . . . . . . Trap Hack Attempts 9 | . . . . . . . . . . . . . . . . 9 . . . . . . . . . . . . . . . . . . . . . . . Triggered . | . . . . . . . . . . . . . . . . . . . . . . . . . . . . . . . . . . . . . . . . Disarmed 14 | . . . . . . . . . . . . . 5 . . 2 . . . . . . . . . . 6 . . . . . . . . . . . 1 Reprogrammed 42 | . . . . . . . . . . . . . . . . 6 . . 6 7 . 23 . . . . . . . . . . . . . . . . . Reused 13 | . . . . . . . . . . . . . . . . 1 . . 3 1 . 4 . . . . . . . . . . . . . . . . 4 Traps Extracted 1 | . . . . . . . . . . . . . . . . . . . . . . . . . . 1 . . . . . . . . . . . . . Installed 8 | . . . . . . . . . . . . . . . . . . . . . . . . . . . . . . . . . . . . . . . 8 Triggered 13 | . . . . . . . . . . . . . . . . 1 . . 3 1 . 4 . . . . . . . . . . . . . . . . 4 Most Traps Carried 8 | . . . . . . . . . . . . . . . . . . . . . . . . . . 7 7 7 7 7 7 7 8 8 8 8 8 8 8 Machines | -11 -10 -9 -9 -9 -8 -8 -8 -7 -7 -7 -7 -6 -6 -6 -6 -6 -6 -6 -6 -5 -5 -5 -5 -5 -5 -4 -4 -4 -4 -4 -4 -4 -3 -3 -3 -3 -2 -1 -1 ---------- Run | Yrd Mat Mat Min Exi Min Mat Sto Fac Low Low Zio Pro Fac Was Fac Ext Cet Arc Hub Fac Was Fac Upp Upp War Pro Fac Was Fac Upp Upp Zhi Pro Res Arm Lab Res Acc Com Machines Disabled 39 | . . 4 . . 2 4 1 2 . . . . 2 . 1 1 . . 12 1 . 3 . . 1 . . . 1 . . . . 2 . 2 . . . Max in Single Turn 9 | . . 2 . . 2 1 1 1 . . . . 1 . 1 . . . 9 1 . 1 . . 1 . . . 1 . . . . 1 . 1 . . . Garrison Access 16 | . . . . . . . . 2 . . . . 3 . 1 . . . 1 2 . . . . . . 3 . 1 . . . . 1 . . 1 1 . Network Hub 2 | . . . . . . . . . . . . . . . . . . . 2 . . . . . . . . . . . . . . . . . . . . Machines Repaired . | . . . . . . . . . . . . . . . . . . . . . . . . . . . . . . . . . . . . . . . . Machines Dismantled . | . . . . . . . . . . . . . . . . . . . . . . . . . . . . . . . . . . . . . . . . Machines Sabotaged . | . . . . . . . . . . . . . . . . . . . . . . . . . . . . . . . . . . . . . . . . Overloaded Fab Kills . | . . . . . . . . . . . . . . . . . . . . . . . . . . . . . . . . . . . . . . . . Hacking | -11 -10 -9 -9 -9 -8 -8 -8 -7 -7 -7 -7 -6 -6 -6 -6 -6 -6 -6 -6 -5 -5 -5 -5 -5 -5 -4 -4 -4 -4 -4 -4 -4 -3 -3 -3 -3 -2 -1 -1 --------- Run | Yrd Mat Mat Min Exi Min Mat Sto Fac Low Low Zio Pro Fac Was Fac Ext Cet Arc Hub Fac Was Fac Upp Upp War Pro Fac Was Fac Upp Upp Zhi Pro Res Arm Lab Res Acc Com Machines Accessed 314 | . 10 11 . 2 . 13 11 33 . . . . 31 . 27 11 1 . 6 25 . 27 . . 11 . 28 . 19 . . 7 . 19 . 1 3 9 9 Terminals 195 | . 7 10 . . . 11 8 19 . . . . 17 . 20 11 1 . 6 14 . 17 . . . . 15 . 9 . . . . 14 . . 1 7 8 Fabricators 39 | . . . . . . . . 4 . . . . 5 . 4 . . . . 5 . 5 . . . . 6 . 4 . . . . 3 . . 2 1 . Repair Stations 15 | . 1 1 . . . 1 1 . . . . . 2 . . . . . . 1 . 1 . . . . 3 . 2 . . . . 1 . . . . 1 Recycling Units 21 | . 2 . . . . 1 2 5 . . . . 3 . . . . . . 3 . 2 . . . . 1 . 2 . . . . . . . . . . Scanalyzers 7 | . . . . . . . . 2 . . . . 1 . 1 . . . . . . 2 . . . . . . 1 . . . . . . . . . . Garrison Access 16 | . . . . . . . . 3 . . . . 3 . 2 . . . . 2 . . . . . . 3 . 1 . . . . 1 . . . 1 . Total Hacks 1282 | . 24 28 . 2 . 46 37 87 . . . . 95 . 75 27 2 . 26 111 . 162 . . 17 . 147 . 102 . . 46 . 125 . 2 12 47 62 Successful 873 | . 17 20 . 2 . 30 26 45 . . . . 52 . 48 11 1 . 11 82 . 112 . . 17 . 109 . 85 . . 46 . 86 . 2 7 36 28 Failed 406 | . 7 8 . . . 16 11 42 . . . . 42 . 27 16 1 . 15 28 . 50 . . . . 38 . 16 . . . . 39 . . 5 11 34 Catastrophic 74 | . 1 . . . . . . 6 . . . . 9 . 7 6 . . . 2 . 14 . . . . 6 . 1 . . . . 10 . . 1 2 9 Database Lockouts 3 | . . . . . . . . . . . . . 1 . . . . . . 1 . . . . . . . . 1 . . . . . . . . . . Manual 610 | . 14 18 . 1 . 38 11 43 . . . . 48 . 35 10 1 . 13 44 . 89 . . . . 68 . 41 . . . . 74 . . 7 21 34 Terminals 902 | . 17 26 . . . 42 24 58 . . . . 65 . 54 27 2 . 26 79 . 124 . . . . 105 . 72 . . . . 87 . . 4 32 58 Fabricators 166 | . . . . . . . . 7 . . . . 14 . 14 . . . . 24 . 23 . . . . 31 . 12 . . . . 19 . . 8 14 . Repair Stations 64 | . 2 2 . . . 3 10 . . . . . 4 . . . . . . 2 . 2 . . . . 6 . 11 . . . . 18 . . . . 4 Recycling Units 36 | . 5 . . . . 1 3 10 . . . . 6 . . . . . . 4 . 4 . . . . 1 . 2 . . . . . . . . . . Scanalyzers 26 | . . . . . . . . 7 . . . . 2 . 5 . . . . . . 9 . . . . . . 3 . . . . . . . . . . Garrison Access 21 | . . . . . . . . 5 . . . . 4 . 2 . . . . 2 . . . . . . 4 . 2 . . . . 1 . . . 1 . Terminal Hacks 443 | . 3 9 . 2 . 12 14 17 . . . . 19 . 22 9 1 . 7 45 . 59 . . 17 . 53 . 44 . . 46 . 29 . 2 1 19 13 Record 82 | . . . . 1 . . 2 . . . . . 2 . . . . . . 2 . 7 . . 16 . 1 . 14 . . 34 . 1 . 2 . . . Part Schematic 40 | . . . . . . 1 . 3 . . . . 3 . 2 1 . . . 5 . 6 . . . . 8 . 3 . . 4 . 3 . . . 1 . Robot Analysis 13 | . . 2 . . . 1 . . . . . . . . . 1 . . . 2 . . . . . . 3 . . . . 4 . . . . . . . Prototype ID Bank 38 | . . 1 . . . 1 3 1 . . . . 1 . 4 . . . . 4 . 6 . . . . 7 . 2 . . 4 . 3 . . . . 1 Open Door 14 | . . . . . . . 3 . . . . . . . 1 4 1 . . . . . . . 1 . . . . . . . . . . . . 3 1 Level Access Points 3 | . . . . . . . . . . . . . . . . . . . 1 . . . . . . . . . . . . . . . . . 1 . 1 Branch Access Points 8 | . . . . . . 1 . 1 . . . . . . 1 . . . . . . 1 . . . . 1 . 1 . . . . 1 . . . 1 . Emergency Access Points 3 | . . . . . . . . . . . . . . . . . . . . 1 . 2 . . . . . . . . . . . . . . . . . Machine Index 2 | . . . . . . . . . . . . . . . . . . . . 1 . . . . . . . . . . . . . . . . . . 1 Terminal Index 10 | . 1 . . . . 1 . 1 . . . . . . 1 . . . . 1 . 1 . . . . 1 . 1 . . . . 1 . . . 1 . Fabricator Index 2 | . . . . . . . . . . . . . . . . . . . . . . . . . . . . . . . . . . 1 . . . 1 . Repair Station Index 1 | . . . . . . . . . . . . . . . . . . . . . . . . . . . 1 . . . . . . . . . . . . Recycling Unit Index 1 | . . . . . . . . . . . . . . . . . . . . 1 . . . . . . . . . . . . . . . . . . . Scanalyzer Index 1 | . . . . . . . . . . . . . . . . . . . . 1 . . . . . . . . . . . . . . . . . . . Garrison Index 1 | . . . . . . . . . . . . . . . . . . . . . . . . . . . . . . . . . . . . . . 1 . Alert Level 16 | . . . . . . 1 . 1 . . . . . . 1 . . . . 1 . 2 . . . . 3 . 3 . . . . 2 . . . 2 . Unreport Threat 14 | . . . . . . 1 1 2 . . . . 1 . . . . . . 1 . . . . . . 2 . 1 . . . . 4 . . . . 1 Locate Traps 54 | . . . . . . 2 2 3 . . . . 3 . 3 2 . . 2 7 . 9 . . . . 7 . 5 . . . . 4 . . . 2 3 Disarm Traps 3 | . . . . . . . . . . . . . 1 . . . . . . . . . . . . . 1 . . . . . . . . . . . 1 Reprogram Traps 9 | . . . . . . . . . . . . . . . . 1 . . 1 2 . 5 . . . . . . . . . . . . . . . . . Dispatch Records 1 | . . . . . . . . . . . . . . . 1 . . . . . . . . . . . . . . . . . . . . . . . . Maintenance Status 2 | . . . . . . . . . . . . . . . . . . . . 1 . . . . . . . . . . . . . . . . . 1 . Security Status 2 | . . . . . . . . . . . . . 1 . . . . . . . . . . . . . . . 1 . . . . . . . . . . Surveillance Status 2 | . . . . . . . . . . . . . . . . . . . . . . . . . . . 1 . 1 . . . . . . . . . . Patrol Status 5 | . . 1 . . . . . . . . . . 1 . . . . . . 2 . 1 . . . . . . . . . . . . . . . . . Transport Status 2 | . . . . . . . . . . . . . 1 . . . . . . . . 1 . . . . . . . . . . . . . . . . . Extermination Status 7 | . . . . . . . . . . . . . . . . . . . . 2 . 2 . . . . 1 . 1 . . . . 1 . . . . . Recall Investigation 9 | . . . . . . . . . . . . . . . 1 . . . 1 1 . 3 . . . . 2 . 1 . . . . . . . . . . Recall Extermination 24 | . . . . . . . . 1 . . . . 1 . 2 . . . . 3 . 4 . . . . 5 . 3 . . . . 3 . . . 2 . Recall Reinforcements 2 | . . . . . . . 1 . . . . . . . . . . . . . . . . . . . . . . . . . . 1 . . . . . Hauler Manifests 9 | . 1 1 . . . 1 1 1 . . . . 1 . 1 . . . . . . 1 . . . . 1 . . . . . . . . . . . . Registered Components 10 | . 1 . . . . 1 . . . . . . 1 . 1 . . . . 1 . 1 . . . . 1 . 1 . . . . 1 . . . . 1 Registered Prototypes 6 | . . . . . . . . . . . . . 1 . . . . . 1 . . 1 . . . . 1 . 1 . . . . . . . . . 1 Zone Layout 45 | . . 4 . . . 1 1 3 . . . . 1 . 3 . . . 1 6 . 6 . . . . 6 . 5 . . . . 3 . . . 4 1 Proto ID Catalog 1 | . . . . 1 . . . . . . . . . . . . . . . . . . . . . . . . . . . . . . . . . . . Disengage Seal 1 | . . . . . . . . . . . . . . . . . . . . . . . . . . . . . . . . . . . . . . . 1 Fabricator Hacks 94 | . . . . . . . . 2 . . . . 7 . 9 . . . . 13 . 11 . . . . 17 . 7 . . . . 13 . . 4 11 . Network Status 8 | . . . . . . . . . . . . . . . 1 . . . . 2 . 1 . . . . 1 . 1 . . . . 1 . . . 1 . Load Schematic 51 | . . . . . . . . 2 . . . . 4 . 4 . . . . 7 . 6 . . . . 10 . 4 . . . . 7 . . 2 5 . Build 35 | . . . . . . . . . . . . . 3 . 4 . . . . 4 . 4 . . . . 6 . 2 . . . . 5 . . 2 5 . Repair Station Hacks 59 | . 2 1 . . . 2 8 . . . . . 4 . . . . . . 2 . 2 . . . . 6 . 10 . . . . 18 . . . . 4 Scan Component 30 | . 1 1 . . . 1 4 . . . . . 2 . . . . . . 1 . 1 . . . . 3 . 5 . . . . 9 . . . . 2 Repair 29 | . 1 . . . . 1 4 . . . . . 2 . . . . . . 1 . 1 . . . . 3 . 5 . . . . 9 . . . . 2 Recycling Unit Hacks 23 | . 4 . . . . 1 2 6 . . . . 2 . . . . . . 3 . 2 . . . . 1 . 2 . . . . . . . . . . Process 1 | . . . . . . . . 1 . . . . . . . . . . . . . . . . . . . . . . . . . . . . . . . Report Inventory 18 | . 2 . . . . 1 2 3 . . . . 2 . . . . . . 3 . 2 . . . . 1 . 2 . . . . . . . . . . Retrieve Matter 1 | . . . . . . . . 1 . . . . . . . . . . . . . . . . . . . . . . . . . . . . . . . Retrieve Components 3 | . 2 . . . . . . 1 . . . . . . . . . . . . . . . . . . . . . . . . . . . . . . . Scanalyzer 21 | . . . . . . . . 6 . . . . 2 . 2 . . . . . . 8 . . . . . . 3 . . . . . . . . . . Insert Component 8 | . . . . . . . . 3 . . . . 1 . 1 . . . . . . 2 . . . . . . 1 . . . . . . . . . . Analyze 13 | . . . . . . . . 3 . . . . 1 . 1 . . . . . . 6 . . . . . . 2 . . . . . . . . . . Garrison Access Hacks 14 | . . . . . . . . 2 . . . . 3 . 1 . . . . 2 . . . . . . 3 . 1 . . . . 1 . . . 1 . Seal Access 14 | . . . . . . . . 2 . . . . 3 . 1 . . . . 2 . . . . . . 3 . 1 . . . . 1 . . . 1 . Unauthorized Hacks 219 | . 8 10 . . . 15 2 12 . . . . 15 . 14 2 . . 4 17 . 30 . . . . 29 . 18 . . . . 25 . . 2 5 11 Terminals 161 | . 8 10 . . . 15 1 8 . . . . 11 . 10 2 . . 4 8 . 20 . . . . 17 . 13 . . . . 19 . . . 4 11 Track 9 | . . . . . . . . . . . . . . . . . . . . 1 . 3 . . . . . . . . . . . 1 . . . . 4 Assimilate 16 | . . . . . . 3 . . . . . . 5 . 2 . . . . 1 . 2 . . . . . . . . . . . 2 . . . . 1 Botnet 93 | . 3 4 . . . 6 1 6 . . . . 6 . 8 1 . . 4 6 . 9 . . . . 12 . 7 . . . . 11 . . . 4 5 Operators 6 | . . . . . . 1 . 1 . . . . . . . 1 . . . . . 1 . . . . . . 1 . . . . . . . . . 1 Skim 37 | . 5 6 . . . 5 . 1 . . . . . . . . . . . . . 5 . . . . 5 . 5 . . . . 5 . . . . . Fabricators 54 | . . . . . . . . 3 . . . . 4 . 4 . . . . 9 . 8 . . . . 12 . 5 . . . . 6 . . 2 1 . Prioritize 17 | . . . . . . . . . . . . . 1 . 1 . . . . 3 . 4 . . . . 3 . 2 . . . . 1 . . 1 1 . Liberate 10 | . . . . . . . . . . . . . 1 . 1 . . . . 2 . 1 . . . . 4 . . . . . . 1 . . . . . Haulers 2 | . . . . . . . . . . . . . . . . . . . . . . . . . . . . . 1 . . . . 1 . . . . . Recompile 25 | . . . . . . . . 3 . . . . 2 . 2 . . . . 4 . 3 . . . . 5 . 2 . . . . 3 . . 1 . . Repair Stations . | . . . . . . . . . . . . . . . . . . . . . . . . . . . . . . . . . . . . . . . . Recycling Units 4 | . . . . . . . 1 1 . . . . . . . . . . . . . 2 . . . . . . . . . . . . . . . . . Tunnel 4 | . . . . . . . 1 1 . . . . . . . . . . . . . 2 . . . . . . . . . . . . . . . . . Scanalyzers . | . . . . . . . . . . . . . . . . . . . . . . . . . . . . . . . . . . . . . . . . Garrison Access . | . . . . . . . . . . . . . . . . . . . . . . . . . . . . . . . . . . . . . . . . Data Cores Recovered 6 | . . . . . . . . . . . . . . . 1 1 . . . . . 2 . . . . 1 . 1 . . . . . . . . . . Used 3 | . . . . . . . . . . . . . . . . . . . . . . 2 . . . . 1 . . . . . . . . . . . . Hacking Detections 189 | . 10 8 . . . 10 7 22 . . . . 20 . 20 8 . . 6 14 . 17 . . . . 15 . 6 . . . . 13 . . 2 5 6 Full Trace Events 21 | . 1 1 . . . 2 1 3 . . . . 2 . . . . . 1 . . 2 . . . . . . . . . . . 3 . . 2 1 2 Feedback Events 2 | . . . . . . . . . . . . . . . . . . . . . . . . . . . . . . . . . . 1 . . . . 1 Hackware Fried 2 | . . . . . . . . . . . . . . . . . . . . . . . . . . . . . . . . . . 1 . . . . 1 Feedback Blocked . | . . . . . . . . . . . . . . . . . . . . . . . . . . . . . . . . . . . . . . . . Robot Schematics Acquired 4 | . . . . . . . . . . . 4 . . . . . . . . . . . . . . . . . . . . . . . . . . . . Robots Built 12 | . . . . . . . . . . . . . . . 3 . . . . 3 . 3 . . . . 3 . . . . . . . . . . . . Authchips . | . . . . . . . . . . . . . . . . . . . . . . . . . . . . . . . . . . . . . . . . Time 264 | . . . . . . . . . . . . . . . 67 . . . . 67 . 84 . . . . 46 . . . . . . . . . . . . Total Robot Build Rating 63 | . . . . . . . . . . . . . . . 12 . . . . 12 . 18 . . . . 21 . . . . . . . . . . . . Part Schematics Acquired 61 | . . . . . . 1 . 6 . . 14 . 4 . 3 1 . . . 5 . 7 . . . . 8 . 4 . . 4 . 3 . . . 1 . Parts Built 33 | . . . . . . . . . . . . . 3 . 4 . . . . 3 . 3 . . . . 5 . 2 . . . . 6 . . 2 5 . Authchips 25 | . . . . . . . . . . . . . 1 . 3 . . . . 3 . 2 . . . . 5 . 2 . . . . 4 . . 1 4 . Time 1928 | . . . . . . . . . . . . . 229 . 266 . . . . 117 . 138 . . . . 316 . 204 . . . . 446 . . 54 158 . Total Part Build Rating 213 | . . . . . . . . . . . . . 13 . 19 . . . . 16 . 18 . . . . 34 . 16 . . . . 45 . . 16 36 . Parts Repaired 29 | . 1 . . . . 1 4 . . . . . 2 . . . . . . 1 . 1 . . . . 3 . 5 . . . . 9 . . . . 2 Time 1315 | . 13 . . . . 38 204 . . . . . 82 . . . . . . 23 . 35 . . . . 170 . 297 . . . . 388 . . . . 65 Parts Recycled . | . . . . . . . . . . . . . . . . . . . . . . . . . . . . . . . . . . . . . . . . Recycled Matter 386 | . . . . . . . . 386 . . . . . . . . . . . . . . . . . . . . . . . . . . . . . . . Retrieved Matter 440 | . . . . . . . . 440 . . . . . . . . . . . . . . . . . . . . . . . . . . . . . . . Retrieved Components 12 | . 11 . . . . . . 1 . . . . . . . . . . . . . . . . . . . . . . . . . . . . . . . Parts Scanalyzed 8 | . . . . . . . . 3 . . . . 1 . 1 . . . . . . 2 . . . . . . 1 . . . . . . . . . . Part Schematics Acquired 7 | . . . . . . . . 3 . . . . 1 . 1 . . . . . . 1 . . . . . . 1 . . . . . . . . . . Parts Damaged . | . . . . . . . . . . . . . . . . . . . . . . . . . . . . . . . . . . . . . . . . Bothacking | -11 -10 -9 -9 -9 -8 -8 -8 -7 -7 -7 -7 -6 -6 -6 -6 -6 -6 -6 -6 -5 -5 -5 -5 -5 -5 -4 -4 -4 -4 -4 -4 -4 -3 -3 -3 -3 -2 -1 -1 ------------ Run | Yrd Mat Mat Min Exi Min Mat Sto Fac Low Low Zio Pro Fac Was Fac Ext Cet Arc Hub Fac Was Fac Upp Upp War Pro Fac Was Fac Upp Upp Zhi Pro Res Arm Lab Res Acc Com Used RIF Installer . | . . . . . . . . . . . . . . . . . . . . . . . . . . . . . . . . . . . . . . . . Robots Hacked 3 | . . . . . . . . 1 . . . . . . . . . . . . . . . . . . 1 . 1 . . . . . . . . . . Non-combat 2 | . . . . . . . . 1 . . . . . . . . . . . . . . . . . . 1 . . . . . . . . . . . . Combat 1 | . . . . . . . . . . . . . . . . . . . . . . . . . . . . . 1 . . . . . . . . . . Robot Hacks Applied 3 | . . . . . . . . 1 . . . . . . . . . . . . . . . . . . 1 . 1 . . . . . . . . . . parse_system 2 | . . . . . . . . 1 . . . . . . . . . . . . . . . . . . . . 1 . . . . . . . . . . find_chute 1 | . . . . . . . . . . . . . . . . . . . . . . . . . . . 1 . . . . . . . . . . . . Manual 1 | . . . . . . . . . . . . . . . . . . . . . . . . . . . . . 1 . . . . . . . . . . Relay Couplers Released 2 | . . . . . . . . . . . . . . . . . . . 1 . . . . . . . . . . . . . . . . . 1 . . Machine Destruction 2 | . . . . . . . . . . . . . . . . . . . 1 . . . . . . . . . . . . . . . . . 1 . . Fabnet Peak Effective % . | . . . . . . . . . . . . . . . . . . . . . . . . . . . . . . . . . . . . . . . . Robots Rewired 20 | . . . . . . . 1 . . . . . . . . 14 . . . . . . . . 5 . . . . . . . . . . . . . . Allies Hacked 1 | . . . . . . . . . . . . . . . 1 . . . . . . . . . . . . . . . . . . . . . . . . Hacks Repelled . | . . . . . . . . . . . . . . . . . . . . . . . . . . . . . . . . . . . . . . . . Allies | -11 -10 -9 -9 -9 -8 -8 -8 -7 -7 -7 -7 -6 -6 -6 -6 -6 -6 -6 -6 -5 -5 -5 -5 -5 -5 -4 -4 -4 -4 -4 -4 -4 -3 -3 -3 -3 -2 -1 -1 -------- Run | Yrd Mat Mat Min Exi Min Mat Sto Fac Low Low Zio Pro Fac Was Fac Ext Cet Arc Hub Fac Was Fac Upp Upp War Pro Fac Was Fac Upp Upp Zhi Pro Res Arm Lab Res Acc Com Total Allies 94 | . . . . . . 2 10 . . . 5 . 6 . 7 19 5 . . 4 20 5 . . 5 . 3 . 1 . . . . 2 . . . . . Largest Group 20 | . . . . . . 1 10 5 . . 5 5 4 . 5 11 11 10 7 3 20 19 . . 5 . 3 . 1 . . . . 1 . . . . . Highest-Rated Group 791 | . . . . . . 10 173 80 . . 149 149 70 . 154 384 791 632 542 90 750 700 . . 259 . 141 . 116 . . . . 45 . . . . . Highest-Rated Ally 159 | . . . . . . 10 29 16 . . 51 51 26 . 32 159 159 96 96 30 50 46 . . 64 . 47 . 116 . . . . 45 . . . . . Total Orders 21 | . . . . . . . . . . . . . . . 1 1 1 1 2 1 . 4 . . 8 . 1 . . . . . . 1 . . . . . STAY 13 | . . . . . . . . . . . . . . . 1 . . . 1 1 . 2 . . 6 . 1 . . . . . . 1 . . . . . FOLLOW 4 | . . . . . . . . . . . . . . . . . . . . . . 2 . . 2 . . . . . . . . . . . . . . AID 4 | . . . . . . . . . . . . . . . . 1 1 1 1 . . . . . . . . . . . . . . . . . . . . Ally Attacks 572 | . . . . . . . 92 21 . . . 20 6 . 20 99 46 40 68 25 . 103 . . 16 . 12 . 4 . . . . . . . . . . Total Damage 13125 | . . . . . . . 1279 176 . . . 253 118 . 581 1948 997 1130 2112 804 . 2639 . . 563 . 338 . 187 . . . . . . . . . . Kills 86 | . . . . . . . 20 4 . . . 1 1 . 4 12 5 5 10 4 . 13 . . 4 . 2 . 1 . . . . . . . . . . Allies Corrupted 3 | . . . . . . . . . . . . . . . 1 . . . 2 . . . . . . . . . . . . . . . . . . . . Allies Melted 3 | . . . . . . . . . . . . . 1 . . . . . . . . 2 . . . . . . . . . . . . . . . . . Intel | -11 -10 -9 -9 -9 -8 -8 -8 -7 -7 -7 -7 -6 -6 -6 -6 -6 -6 -6 -6 -5 -5 -5 -5 -5 -5 -4 -4 -4 -4 -4 -4 -4 -3 -3 -3 -3 -2 -1 -1 ------- Run | Yrd Mat Mat Min Exi Min Mat Sto Fac Low Low Zio Pro Fac Was Fac Ext Cet Arc Hub Fac Was Fac Upp Upp War Pro Fac Was Fac Upp Upp Zhi Pro Res Arm Lab Res Acc Com Active Infowar (turns) 21925 | 47 1368 97 . . . . . 198 . . . . 1429 31 1715 1584 338 1135 157 1753 192 1594 67 184 504 433 2112 62 1188 131 148 74 334 2427 10 345 489 820 959 Optics 20215 | . . . . . . . . . . . . . 1429 31 1715 1584 338 1135 157 1753 192 1594 67 184 504 433 2112 62 1188 131 148 74 334 2427 10 345 489 820 959 Sensors 1901 | . . . . . . . . . . . . . . . . . . . . . . . 62 184 496 409 35 . . 129 145 72 332 37 . . . . . Seismic 1512 | 47 1368 97 . . . . . . . . . . . . . . . . . . . . . . . . . . . . . . . . . . . . . ECM 1442 | . . . . . . . . 198 . . . . 159 . . . . . . 237 . . . . . . 848 . . . . . . . . . . . . Robot Analysis Total 13 | . . 2 . . . 1 . . . . . . . . . 1 . . . 2 . . . . . . 3 . . . . 4 . . . . . . . Derelict Logs Recovered 9 | . . . 1 . . . . . 1 . 1 . . . . . . . . . . . . . . 3 . . . 2 1 . . . . . . . . Drone Launches . | . . . . . . . . . . . . . . . . . . . . . . . . . . . . . . . . . . . . . . . . Drone Recoveries . | . . . . . . . . . . . . . . . . . . . . . . . . . . . . . . . . . . . . . . . . Exploration | -11 -10 -9 -9 -9 -8 -8 -8 -7 -7 -7 -7 -6 -6 -6 -6 -6 -6 -6 -6 -5 -5 -5 -5 -5 -5 -4 -4 -4 -4 -4 -4 -4 -3 -3 -3 -3 -2 -1 -1 ------------- Run | Yrd Mat Mat Min Exi Min Mat Sto Fac Low Low Zio Pro Fac Was Fac Ext Cet Arc Hub Fac Was Fac Upp Upp War Pro Fac Was Fac Upp Upp Zhi Pro Res Arm Lab Res Acc Com Turns Passed 29287 | 137 1379 2150 1020 255 406 700 659 1599 98 153 326 134 1485 31 1715 1584 338 1135 157 1753 192 1594 67 184 504 433 2112 62 1188 131 148 74 334 2427 10 345 489 820 959 Spaces Moved 43485 | 59 669 943 584 259 323 1101 570 3967 398 481 800 385 2498 97 3299 2537 161 77 291 3320 241 3672 271 455 913 490 3470 246 2016 495 528 218 797 3094 1 222 820 1323 1394 Core 6 | 3 1 . . . . . . . . . . . 1 . . . . . . . . . . . . . 1 . . . . . . . . . . . . Treads 1286 | 56 342 482 406 . . . . . . . . . . . . . . . . . . . . . . . . . . . . . . . . . . . . Legs 531 | . 70 461 . . . . . . . . . . . . . . . . . . . . . . . . . . . . . . . . . . . . . Wheels 1015 | . 256 . 178 259 322 . . . . . . . . . . . . . . . . . . . . . . . . . . . . . . . . . . Hover . | . . . . . . . . . . . . . . . . . . . . . . . . . . . . . . . . . . . . . . . . Flight 40647 | . . . . . 1 1101 570 3967 398 481 800 385 2497 97 3299 2537 161 77 291 3320 241 3672 271 455 913 490 3469 246 2016 495 528 218 797 3094 1 222 820 1323 1394 Fastest Speed 6 | 50 95 120 95 95 95 31 31 24 24 24 24 24 23 17 14 14 23 23 17 6 28 11 11 24 14 24 11 24 11 24 11 24 11 14 27 27 12 12 6 Average Speed 31 | 154 131 162 141 95 95 31 31 25 24 24 24 24 23 21 22 23 23 23 23 23 31 23 23 24 23 27 24 24 23 24 23 24 23 25 27 27 21 21 22 Slowest Speed 650 | 160 250 240 240 95 174 31 31 99 24 24 24 24 450 23 26 88 23 23 24 28 99 28 24 24 24 95 650 24 99 24 24 24 24 27 27 101 22 95 23 Overloaded Moves 961 | . . . . . . . . . . . . . . 17 46 47 . . 30 46 . 175 17 . 22 . 37 . 94 . 7 . 29 201 . . 2 77 114 Propulsion Burnouts . | . . . . . . . . . . . . . . . . . . . . . . . . . . . . . . . . . . . . . . . . Robots Hopped 194 | . . . . . . 18 3 21 . 1 . . 6 . 24 13 . . 5 12 . 20 1 . 10 1 18 . 10 . 1 . . 23 . . 2 1 4 Potential Cave-ins . | . . . . . . . . . . . . . . . . . . . . . . . . . . . . . . . . . . . . . . . . Cave-ins Triggered . | . . . . . . . . . . . . . . . . . . . . . . . . . . . . . . . . . . . . . . . . Teleports 1 | . . . . . . . . . . . . . . . . . . . . . . . . . . . . . . . . . . . 1 . . . . Exploration Rate (%) 67 | 4 96 85 77 62 67 83 83 87 66 73 83 60 65 76 60 97 71 85 49 70 94 70 54 57 88 69 73 93 50 63 68 63 86 68 1 94 22 29 47 Regions Visited 39 Branch Regions 23 Pre-discovered Areas 20 | . 2 4 . 1 . . 1 1 . . 1 . . . . . . . . . . 5 . . . . . . 1 . . 3 . 1 . . . . . Known Exits Taken 24 | . 1 1 1 1 1 1 . 1 . . . . . . 1 . . . 1 . . 1 1 1 1 1 . . 1 1 1 1 1 1 1 1 1 1 . Unknown Exits Taken 9 | 1 . . . . . . 1 . 1 1 1 1 . . . 1 1 1 . . . . . . . . . . . . . . . . . . . . . Scrap Searched 21 | . . . 1 . 1 . . . 2 . 2 2 . . . . . . . . . . . 1 . 2 . . . 1 4 . 5 . . . . . . Spaces Dug 859 | . . . 13 . . 28 10 47 . 11 . . 30 . 45 1 . . 332 47 . 33 1 6 2 18 55 . 33 2 6 . 21 68 . . 4 29 17 Terrain Destroyed 1297 | . . 81 103 . 53 78 22 91 . 11 . . 30 . 47 7 . . 332 47 . 57 1 6 2 18 56 . 95 2 6 . 22 80 . . 4 29 17 Melee 473 | . . . . . . 16 10 42 . 10 . . 29 . 45 1 . . . 47 . 31 1 6 2 18 51 . 30 1 6 . 18 60 . . 4 28 17 Projectile 40 | . . . 1 . . 1 . . . 1 . . 1 . 2 6 . . 2 . . 2 . . . . 5 . 4 1 . . 4 9 . . . 1 . AOE 784 | . . 81 102 . 53 61 12 49 . . . . . . . . . . 330 . . 24 . . . . . . 61 . . . . 11 . . . . . Terrain Rammed . | . . . . . . . . . . . . . . . . . . . . . . . . . . . . . . . . . . . . . . . . Walls Destroyed . | . . . . . . . . . . . . . . . . . . . . . . . . . . . . . . . . . . . . . . . . Machines Disabled . | . . . . . . . . . . . . . . . . . . . . . . . . . . . . . . . . . . . . . . . . Actions | -11 -10 -9 -9 -9 -8 -8 -8 -7 -7 -7 -7 -6 -6 -6 -6 -6 -6 -6 -6 -5 -5 -5 -5 -5 -5 -4 -4 -4 -4 -4 -4 -4 -3 -3 -3 -3 -2 -1 -1 --------- Run | Yrd Mat Mat Min Exi Min Mat Sto Fac Low Low Zio Pro Fac Was Fac Ext Cet Arc Hub Fac Was Fac Upp Upp War Pro Fac Was Fac Upp Upp Zhi Pro Res Arm Lab Res Acc Com Total 56815 | 85 1036 1398 711 269 389 1362 997 4353 399 494 930 426 3303 107 4042 3412 429 1187 358 4189 334 4312 271 519 1186 753 4616 248 2640 501 538 235 898 4515 10 494 1112 1792 1965 Wait 11098 | 8 266 252 66 . 42 174 383 160 2 1 126 40 743 1 607 696 233 1103 44 767 74 561 . 59 243 239 1003 . 547 1 3 . 68 1253 7 225 275 414 412 Move 43087 | 58 668 942 583 258 322 1067 563 3929 397 478 799 384 2486 96 3252 2512 160 76 280 3296 240 3636 268 454 897 487 3437 245 1995 494 525 217 796 3048 . 221 816 1320 1385 Hop 167 | . . . . . . 15 3 16 . 1 . . 6 . 22 11 . . 5 12 . 15 1 . 5 1 15 . 10 . 1 . . 22 . . 1 1 4 Pick Up 194 | 3 9 23 6 2 . 6 4 16 . . 1 1 4 4 11 9 3 1 . 8 1 14 . . 3 1 11 2 8 . . 1 . 13 . 13 5 5 6 Fast Attach 169 | 7 14 13 7 . . 13 4 18 . . 1 . 6 . 10 7 2 1 1 8 1 5 . . 6 . 10 . 5 . 2 4 . 16 1 2 . 1 4 Attach 125 | . 2 5 5 2 . 5 . 5 . 1 . . 3 3 4 13 1 . 4 6 . 9 . . . . 12 . 7 . . . . 8 . 6 4 5 15 Detach 55 | . 1 3 1 2 . . . 1 . 1 . . 1 . 2 8 1 . 5 3 1 6 . . 1 . 8 . . . . . . 2 1 1 . . 6 Swap 205 | . 2 27 2 2 5 9 . 9 . . 1 . 6 . 6 27 2 1 1 6 . 6 1 . . 2 11 . 13 4 . 3 8 32 . 6 . 4 9 Drop 213 | . 5 39 2 3 . 19 3 20 . . 1 1 5 3 9 9 5 1 1 7 2 11 . . 8 1 11 1 5 . 1 7 . 11 1 12 2 . 7 Fire 450 | 9 69 94 38 . 20 15 4 69 . 1 . . 1 . 4 41 . . 10 . . 8 . . . . 6 . 7 1 . . 4 23 . . . 13 13 Melee 895 | . . . 1 . . 39 31 86 . 11 1 . 42 . 91 36 22 4 7 63 15 41 1 6 3 22 74 . 43 1 6 3 22 87 . 8 9 29 91 Ram . | . . . . . . . . . . . . . . . . . . . . . . . . . . . . . . . . . . . . . . . . Kick . | . . . . . . . . . . . . . . . . . . . . . . . . . . . . . . . . . . . . . . . . Crush . | . . . . . . . . . . . . . . . . . . . . . . . . . . . . . . . . . . . . . . . . Escape Stasis 96 | . . . . . . . . 23 . . . . . . 24 18 . . . 13 . . . . . . 18 . . . . . . . . . . . . Rewire 43 | . . . . . . . 2 . . . . . . . . 16 . . . . . . . . 20 . . . . . . . . . . . . . 5 Trap 17 | . . . . . . . . . . . . . . . . 9 . . . . . . . . . . . . . . . . . . . . . . 8 Miscellaneous 1 | . . . . . . . . 1 . . . . . . . . . . . . . . . . . . . . . . . . . . . . . . . Route ------- -11/Scrapyard -10/Materials (discovered 5 exits: *Mat x3 / [*Min] / [*Sub]) -9/Materials (discovered 4 exits: *Mat x3 / *Min) -9/Mines (discovered 2 exits: *Mat / *Exi) -9/Exiles (discovered 2 exits: *Min x2) -8/Mines -8/Materials (discovered 3 exits: *Fac x2 / *Sto) -8/Storage (discovered 2 exits: *Fac / [Rec]) -7/Factory (discovered 5 exits: *Fac x3 / *Low x2) -7/Lower Caves -7/Lower Caves -7/Zion -6/Proximity Caves -6/Factory (discovered 6 exits: *Fac x3 / *Low x2 / *Ext) -6/Waste -6/Factory (discovered 7 exits: *Fac x3 / *Low x2 / *Ext x2) -6/Extension (discovered 2 exits: *Fac / *Cet) -6/Cetus -6/Archives (discovered 2 exits: *Hub x2) -6/Hub_04(d) (discovered 4 exits: *Fac x4) -5/Factory (discovered 5 exits: *Fac x4 / *Upp) -5/Waste -5/Factory (discovered 4 exits: *Fac x2 / *Upp x2) -5/Upper Caves -5/Upper Caves -5/Warlord -4/Proximity Caves -4/Factory (discovered 6 exits: *Res x4 / *Upp x2) -4/Waste -4/Factory (discovered 4 exits: *Res x2 / *Upp x2) -4/Upper Caves -4/Upper Caves (discovered 2 exits: *Res / *Zhi) -4/Zhirov -3/Proximity Caves -3/Research (discovered 6 exits: *Res x3 / *Arm / *Tes x2) -3/Armory -3/Lab -2/Research (discovered 5 exits: *Acc x3 / Qua x2) -1/Access -1/Command (discovered 2 exits: *Sur x2) 0b11 Command History --------- Turn | Location | Event 9 | -11/Scrapyard | Discovered new exit (range 12) 138 | -11/Scrapyard | Entered Materials 310 | -10/Materials | Build established: Mutant 515 | -10/Materials | Discovered new exit (range 6) 622 | -10/Materials | Discovered new exit (range 5) 787 | -10/Materials | Discovered new exit (range 10) 889 | -10/Materials | Discovered new exit (range 9) 958 | -10/Materials | Repaired Lgt. Treads 992 | -10/Materials | Discovered new exit (range 16) 1010 | -10/Materials | Learned 4 Recycling zone layouts 1042 | -10/Materials | Learned 2 Storage zone layouts 1065 | -10/Materials | Learned Storage garrison access intel 1080 | -10/Materials | Identified exit to Materials 1143 | -10/Materials | Learned location of Mines (-10) 1174 | -10/Materials | Build established: Scavenger-Mutant 1193 | -10/Materials | Core integrity fell below 50% 1517 | -10/Materials | Entered another Materials area 1517 | -9/Materials | Evolved 2 slots: Propulsion x1, Weapon x1 1518 | -9/Materials | Identified exit to Mines 2006 | -9/Materials | Discovered new exit (range 11) 2121 | -9/Materials | Build established: Tank 2379 | -9/Materials | Loaded intel: 18 interactive machine locations 2420 | -9/Materials | Learned location of Recycling (-8) 2474 | -9/Materials | Learned location of Zion (-7) 2484 | -9/Materials | Identified exit to Materials 2517 | -9/Materials | Learned Storage non-interactive machine intel 2707 | -9/Materials | Destroyed 7 combat bots 3667 | -9/Materials | Entered Mines 3683 | -9/Mines | Met a Derelict bent on vengeance 3746 | -9/Mines | Discovered exit to Materials (range 9) 3786 | -9/Mines | A weapon hastily lodged in a ceiling crevice suddenly fell to the ground 4334 | -9/Mines | Assembled infested the area 4452 | -9/Mines | Destroyed 10 combat bots 4496 | -9/Mines | Lost 10 parts (1p3n2u4w) 4647 | -9/Mines | Identified exit to Exiles 4683 | -9/Mines | Deemed a non-threat by the Exiles lab entrance 4687 | -9/Mines | Entered Exiles 4688 | -9/Exiles | Identified exit to Mines 4717 | -9/Exiles | Met 8R-AWN 4730 | -9/Exiles | Met EX-HEX 4759 | -9/Exiles | Met EX-BIN 4770 | -9/Exiles | Aligned with FarCom system 4771 | -9/Exiles | Given EX-Vault access code 4793 | -9/Exiles | Opened EX-Vault 4800 | -9/Exiles | Found Gui. Plasma Cannon 4828 | -9/Exiles | Warned to stay clear of 0b10 Research branches 4855 | -9/Exiles | Met EX-DEC 4934 | -9/Exiles | Discovered exit to Mines (range 10) 4942 | -9/Exiles | Left Exiles lab with Gui. Plasma Cannon 4942 | -9/Exiles | Entered Mines 5189 | -8/Mines | Core integrity fell below 50% 5228 | -8/Mines | Build established: Scavenger-Skirmisher 5335 | -8/Mines | Discovered exit to Materials (range 9) 5348 | -8/Mines | Entered Materials 5348 | -8/Materials | Evolved 2 slots: Propulsion x1, Utility x1 5562 | -8/Materials | Discovered new exit (range 8) 5612 | -8/Materials | Garrison activated, responded to threat 5775 | -8/Materials | Repaired Imp. Light Armor Plating? 5835 | -8/Materials | Discovered new exit (range 12) 5856 | -8/Materials | Discovered new exit (range 12) 5857 | -8/Materials | Lost 3 parts (2p1u) 5929 | -8/Materials | Learned Factory stockpile data 5930 | -8/Materials | Build established: Sprinter 5954 | -8/Materials | Identified exit to Storage 6048 | -8/Materials | Entered Storage 6050 | -8/Storage | Loaded intel: 31 non-interactive machine locations 6051 | -8/Storage | Loaded intel: 1 garrison access location 6100 | -8/Storage | Repaired Imp. Flight Unit 6153 | -8/Storage | Repaired Imp. Flight Unit 6205 | -8/Storage | Repaired Imp. Flight Unit 6258 | -8/Storage | Repaired Imp. Flight Unit 6328 | -8/Storage | Assisted by bots powering up and referring to "LRC-V3" 6476 | -8/Storage | Discovered new exit (range 14) 6512 | -8/Storage | Discovered new exit (range 10) 6634 | -8/Storage | Build established: Commander-Sprinter 6707 | -8/Storage | Entered Factory 6707 | -7/Factory | Accompanied by 5 allies 6707 | -7/Factory | Evolved 2 slots: Propulsion x1, Utility x1 6964 | -7/Factory | Garrison activated, responded to threat 7230 | -7/Factory | Build established: Hacker-Sprinter 7300 | -7/Factory | Discovered new exit (range 16) 7420 | -7/Factory | Discovered new exit (range 14) 7549 | -7/Factory | Discovered new exit (range 15) 7669 | -7/Factory | Discovered new exit (range 8) 7709 | -7/Factory | Lost 4 parts (1p1n2w) 8199 | -7/Factory | Identified exit to Lower Caves 8306 | -7/Factory | Entered Lower Caves 8319 | -7/Lower Caves | Learned Factory machine intel 8399 | -7/Lower Caves | Discovered new exit (range 9) 8404 | -7/Lower Caves | Entered another Lower Caves area 8430 | -7/Lower Caves | Encountered a Warlord checkpoint 8514 | -7/Lower Caves | Spotted B-75 Beast 8556 | -7/Lower Caves | Discovered new exit (range 5) 8557 | -7/Lower Caves | Entered Zion 8563 | -7/Zion | Given the Hacking Drone Bay 8566 | -7/Zion | Discovered new exit (range 16) 8584 | -7/Zion | System corruption cleaned by Quarantine Array 8616 | -7/Zion | Received a hallucinogenic algorithm 8659 | -7/Zion | Found CR-A16's Pointy Stick 8670 | -7/Zion | Rebuked by Imprinter 8707 | -7/Zion | Learned location of Extension (-6) 8718 | -7/Zion | Gained Derelict followers 8883 | -7/Zion | Entered Proximity Caves 8883 | -6/Proximity Caves | Accompanied by 5 allies 9015 | -6/Proximity Caves | Attracted the attention of an 0b10 outpost 9016 | -6/Proximity Caves | Discovered new exit (range 5) 9017 | -6/Proximity Caves | Entered Factory 9017 | -6/Factory | Evolved 2 slots: Utility x2 9018 | -6/Factory | Loaded intel: 244 machine locations 9072 | -6/Factory | Repaired Greatsword 9212 | -6/Factory | Fabricated Cld. VTOL Module (x1) 9288 | -6/Factory | Discovered new exit (range 8) 9462 | -6/Factory | Fabricated Imp. Hacking Suite? 9463 | -6/Factory | Lost 3 allies 9596 | -6/Factory | Discovered new exit (range 10) 9702 | -6/Factory | Fabricated Cld. VTOL Module? 10186 | -6/Factory | Discovered new exit (range 10) 10280 | -6/Factory | Discovered new exit (range 5) 10335 | -6/Factory | Repaired Lgt. Deuterium Engine 10358 | -6/Factory | Discovered new exit (range 22) 10412 | -6/Factory | Discovered new exit (range 20) 10428 | -6/Factory | Central database locked down 10502 | -6/Factory | Sucked down chute 10502 | -6/Factory | Entered Waste 10508 | -6/Waste | Spotted C-40 Crusher 10508 | -6/Waste | Spotted C-40 Crusher 10509 | -6/Waste | Spotted C-40 Crusher 10510 | -6/Waste | Crushed by Compactor (1 part destroyed, 1 dropped) 10517 | -6/Waste | EMP discharged 10521 | -6/Waste | Spotted C-40 Crusher 10522 | -6/Waste | Spotted C-40 Crusher 10529 | -6/Waste | Spotted C-40 Crusher 10529 | -6/Waste | Discovered new exit (range 13) 10533 | -6/Waste | Entered Factory 10557 | -6/Factory | System corruption reached 10% 10598 | -6/Factory | Discovered new exit (range 16) 10691 | -6/Factory | Discovered new exit (range 19) 11085 | -6/Factory | Fabricated Exp. Utility Shielding? 11160 | -6/Factory | Fabricated Cld. VTOL Module? 11363 | -6/Factory | Fabricated Imp. System Restoration Module? 11368 | -6/Factory | Discovered new exit (range 14) 11389 | -6/Factory | Identified exit to Lower Caves 11389 | -6/Factory | Identified exit to Extension 11513 | -6/Factory | Discovered new exit (range 22) 11724 | -6/Factory | Fabricated L-41 Fighter (x3) 12090 | -6/Factory | Discovered new exit (range 19) 12109 | -6/Factory | Discovered new exit (range 9) 12248 | -6/Factory | Entered Extension 12553 | -6/Extension | Spotted B-75 Beast 12903 | -6/Extension | Rescued a captive Derelict 12905 | -6/Extension | Rescued a captive Derelict 12975 | -6/Extension | Rescued a captive Derelict 13214 | -6/Extension | Spotted B-75 Beast 13222 | -6/Extension | Allies destroyed B-75 Beast 13271 | -6/Extension | Revealed the true nature of CR-A16's Pointy Stick 13274 | -6/Extension | Destroyed B-75 Beast 13304 | -6/Extension | Lost 9 allies 13310 | -6/Extension | Lost 6 parts (1p2n2u1w) 13316 | -6/Extension | Rescued A7 13417 | -6/Extension | Rescued a captive Derelict 13547 | -6/Extension | Discovered new exit (range 10) 13547 | -6/Extension | Discovered new exit (range 6) 13832 | -6/Extension | Entered Cetus 13832 | -6/Cetus | Accompanied by 8 allies (A7) 13835 | -6/Cetus | Spotted Cetus Guard 13835 | -6/Cetus | Spotted Cetus Guard 13835 | -6/Cetus | Spotted Cetus Guard 13835 | -6/Cetus | Spotted Cetus Guard 13837 | -6/Cetus | Acquired a Cetus Manufacturing Module code from A7 13847 | -6/Cetus | Allies destroyed Cetus Guard 13861 | -6/Cetus | Allies destroyed Cetus Guard 13866 | -6/Cetus | Allies destroyed Cetus Guard 13872 | -6/Cetus | Allies destroyed Cetus Guard 13884 | -6/Cetus | Started Cetus Manufacturing Module 13894 | -6/Cetus | Escorted A7 to Cetus Mainframe 13909 | -6/Cetus | Manufactured an Enhanced Grunt 13934 | -6/Cetus | Manufactured an Enhanced Grunt 13959 | -6/Cetus | Manufactured an Enhanced Grunt 13984 | -6/Cetus | Manufactured an Enhanced Grunt 14009 | -6/Cetus | Manufactured an Enhanced Grunt 14025 | -6/Cetus | Discovered new exit (range 22) 14152 | -6/Cetus | Murdered A7 14155 | -6/Cetus | Extracted ID and sensor layout for unrecognized location from A7's data core 14170 | -6/Cetus | Entered Archives 14170 | -6/Archives | Accompanied by 10 allies 14205 | -6/Archives | Build established: Commander-Sprinter 14236 | -6/Archives | Discovered new exit (range 19) 14237 | -6/Archives | Discovered new exit (range 21) 14238 | -6/Archives | Lost 3 allies 15305 | -6/Archives | Entered Hub_04(d) 15305 | -6/Hub_04(d) | Accompanied by 7 allies 15353 | -6/Hub_04(d) | Identified exit to Factory 15419 | -6/Hub_04(d) | Network Hub disabled 15421 | -6/Hub_04(d) | Spotted Lightning 15421 | -6/Hub_04(d) | Spotted Lightning 15446 | -6/Hub_04(d) | Network Hub disabled 15462 | -6/Hub_04(d) | Entered Factory 15462 | -5/Factory | Evolved 2 slots: Propulsion x1, Utility x1 15476 | -5/Factory | Lost 3 allies 15510 | -5/Factory | Fabricated Cld. VTOL Module (x1) 15719 | -5/Factory | Build established: Hacker-Sprinter 15767 | -5/Factory | Discovered new exit (range 6) 16108 | -5/Factory | Discovered new exit (range 9) 16158 | -5/Factory | Lost 3 parts (1p2n) 16216 | -5/Factory | Discovered new exit (range 16) 16291 | -5/Factory | Repaired Cld. VTOL Module 16307 | -5/Factory | Fabricated Cld. Nuclear Pulse Thruster (x1) 16352 | -5/Factory | Fabricated Cld. Nuclear Pulse Thruster (x1) 16432 | -5/Factory | Discovered new exit (range 15) 16572 | -5/Factory | Central database locked down 16576 | -5/Factory | Garrison activated, responded to threat 16593 | -5/Factory | Discovered new exit (range 5) 16740 | -5/Factory | Fabricated L-41 Fighter (x3) 17215 | -5/Factory | Sucked down chute 17215 | -5/Factory | Entered Waste 17216 | -5/Waste | Joined by Warlord forces that had cleared the area 17230 | -5/Waste | Found Prototype Launcher 17230 | -5/Waste | Identified Adv. Micro-nuke Launcher 17351 | -5/Waste | Discovered new exit (range 13) 17407 | -5/Waste | Entered Factory 17407 | -5/Factory | Accompanied by 19 allies 17419 | -5/Factory | Identified exit to Upper Caves 17475 | -5/Factory | Spotted B-75 Beast 17480 | -5/Factory | Destroyed B-75 Beast 17669 | -5/Factory | Lost 6 allies 17755 | -5/Factory | Fabricated B-60 Warrior? 17755 | -5/Factory | Lost 7 allies 17833 | -5/Factory | Fabricated Exp. Propulsion Shielding? 17892 | -5/Factory | Discovered new exit (range 18) 18044 | -5/Factory | Discovered new exit (range 11) 18113 | -5/Factory | Learned location of Warlord (-5) 18161 | -5/Factory | Fabricated Field Propulsion Array (x1) 18188 | -5/Factory | Learned 4 Research zone layouts 18253 | -5/Factory | Learned Armory non-interactive machine intel 18349 | -5/Factory | Learned 4 Quarantine zone layouts 18351 | -5/Factory | Cargo convoy interrupted 18362 | -5/Factory | Repaired Cld. VTOL Module 18403 | -5/Factory | Learned Research emergency access door positions 18520 | -5/Factory | Learned location of Upper Caves (-5) 18603 | -5/Factory | Fabricated Cld. Nuclear Pulse Thruster (x1) 18897 | -5/Factory | Garrison activated, responded to threat 19001 | -5/Factory | Entered Upper Caves 19019 | -5/Upper Caves | Encountered a Warlord checkpoint 19063 | -5/Upper Caves | Discovered new exit (range 19) 19068 | -5/Upper Caves | Identified exit to Upper Caves 19068 | -5/Upper Caves | Entered another Upper Caves area 19225 | -5/Upper Caves | Discovered new exit (range 18) 19247 | -5/Upper Caves | Identified exit to Warlord 19252 | -5/Upper Caves | Entered Warlord 19259 | -5/Warlord | Discovered new exit (range 8) 19266 | -5/Warlord | System corruption cleaned by Quarantine Array 19293 | -5/Warlord | Build established: Hacker-Scout 19336 | -5/Warlord | Met Warlord 19361 | -5/Warlord | Warlord's base attacked by MAIN.C 19430 | -5/Warlord | Learned Armory trap positions 19430 | -5/Warlord | Learned 4 Armory zone layouts 19430 | -5/Warlord | Learned Testing security intel 19443 | -5/Warlord | Found Prototype Piercing Weapon 19443 | -5/Warlord | Identified Vortex Lance 19458 | -5/Warlord | Found Prototype Hackware 19468 | -5/Warlord | Found Prototype Device 19468 | -5/Warlord | Identified Exp. Phase Shifter 19639 | -5/Warlord | P-80 Master assimilated allied MU-1NG(l) 19644 | -5/Warlord | Warlord forces counterattacked 19666 | -5/Warlord | Lost 7 allies 19755 | -5/Warlord | Identified exit to Proximity Caves 19756 | -5/Warlord | Entered Proximity Caves 19974 | -4/Proximity Caves | Received a Behemoth hack from an annoying Tinkerer 20108 | -4/Proximity Caves | Identified exit to Factory 20155 | -4/Proximity Caves | Learned 4 Research zone layouts 20158 | -4/Proximity Caves | Learned Research emergency access door positions 20189 | -4/Proximity Caves | Entered Factory 20189 | -4/Factory | Evolved 2 slots: Utility x2 20190 | -4/Factory | Identified exit to Research 20198 | -4/Factory | Identified Ghost Barrier 20330 | -4/Factory | Discovered new exit (range 3) 20330 | -4/Factory | Identified exit to Upper Caves 20541 | -4/Factory | Build established: Hacker-Sprinter 20573 | -4/Factory | Spotted B-86 Titan 20602 | -4/Factory | Destroyed B-86 Titan 20899 | -4/Factory | Repaired Adv. Trap Extractor 21088 | -4/Factory | Learned 4 Proximity Caves zone layouts 21158 | -4/Factory | Learned 2 Proximity Caves zone layouts 21218 | -4/Factory | Learned Testing emergency access door positions 21229 | -4/Factory | Spotted B-86 Titan 21342 | -4/Factory | Learned 12 Research zone layouts 21357 | -4/Factory | Fabricated G-67 Veteran (x3) 21385 | -4/Factory | Learned Quarantine stockpile data 21413 | -4/Factory | Fabricated Exp. Hacking Suite (x1) 21436 | -4/Factory | Learned Quarantine stockpile data 21567 | -4/Factory | Loaded intel: 235 non-interactive machine locations 21572 | -4/Factory | Repaired Exp. Propulsion Shielding 21683 | -4/Factory | Fabricated Exp. Utility Shielding (x1) 21724 | -4/Factory | Build established: Wizard-Sprinter 21763 | -4/Factory | Repaired Mic. Antimatter Reactor 21788 | -4/Factory | Fabricated Centrium Light Armor Plating (x1) 22166 | -4/Factory | Fabricated Exp. Hacking Suite (x1) 22215 | -4/Factory | Fabricated Exp. Hacking Suite (x1) 22301 | -4/Factory | Sucked down chute 22301 | -4/Factory | Entered Waste 22301 | -4/Waste | The area was eerily silent 22332 | -4/Waste | Discovered new exit (range 22) 22363 | -4/Waste | Identified exit to Factory 22363 | -4/Waste | Entered Factory 22440 | -4/Factory | Repaired Graphene Brace 22485 | -4/Factory | Repaired Cld. Nuclear Pulse Thruster 22530 | -4/Factory | Repaired Cld. Nuclear Pulse Thruster 22640 | -4/Factory | Discovered exit to Research (range 6) 22643 | -4/Factory | Spotted B-86 Titan 22789 | -4/Factory | Fabricated Nanosword? 22829 | -4/Factory | Befriended a Behemoth using the annoying Tinkerer's hack 23006 | -4/Factory | Repaired Cld. Nuclear Pulse Thruster 23098 | -4/Factory | Repaired Cld. Nuclear Pulse Thruster 23268 | -4/Factory | Fabricated Nanosword (x1) 23479 | -4/Factory | Central database locked down 23551 | -4/Factory | Entered Upper Caves 23570 | -4/Upper Caves | Encountered a Warlord checkpoint 23633 | -4/Upper Caves | Learned Research stockpile data 23661 | -4/Upper Caves | Discovered new exit (range 21) 23678 | -4/Upper Caves | Found DCF Scrap (13 items) 23682 | -4/Upper Caves | Identified exit to Upper Caves 23682 | -4/Upper Caves | Entered another Upper Caves area 23686 | -4/Upper Caves | Discovered exit to Research (range 8) 23786 | -4/Upper Caves | Found Alien Artifact 23786 | -4/Upper Caves | Identified Core Expander 23786 | -4/Upper Caves | Installed Core Expander, added new Power slot 23828 | -4/Upper Caves | Build established: Wizard-Scout 23828 | -4/Upper Caves | Discovered new exit (range 10) 23830 | -4/Upper Caves | Identified exit to Zhirov 23830 | -4/Upper Caves | Entered Zhirov 23830 | -4/Zhirov | Discovered new exit (range 3) 23835 | -4/Zhirov | Met Zhirov 23842 | -4/Zhirov | Learned location of Quarantine (-2) 23842 | -4/Zhirov | Learned location of Testing (-3) 23842 | -4/Zhirov | Learned location of Command (-1) 23844 | -4/Zhirov | Zhirov requested help retrieving the SGEMP Prototype 23849 | -4/Zhirov | Found Alien Artifact 23849 | -4/Zhirov | Identified Integrated Dissipator 23849 | -4/Zhirov | Installed Integrated Dissipator, increased core heat dissipation (+20) 23883 | -4/Zhirov | Found Alien Artifact 23904 | -4/Zhirov | Identified exit to Proximity Caves 23904 | -4/Zhirov | Entered Proximity Caves 23907 | -3/Proximity Caves | Spotter reported a threat 23907 | -3/Proximity Caves | Spotter reported a threat 24073 | -3/Proximity Caves | Attacked by a faux Warlord 24233 | -3/Proximity Caves | Discovered exit to Research (range 9) 24238 | -3/Proximity Caves | Entered Research 24238 | -3/Research | Evolved 2 slots: Propulsion x1, Utility x1 24239 | -3/Research | Identified exit to Testing 24240 | -3/Research | Identified exit to Research 24275 | -3/Research | Repaired Mic. Antimatter Reactor 24287 | -3/Research | Spotted B-86 Titan 24387 | -3/Research | Identified exit to Armory 24575 | -3/Research | Build established: Wizard-Sprinter 25045 | -3/Research | Fabricated Mic. Antimatter Reactor (x2) 25159 | -3/Research | Fabricated Centrium Medium Armor Plating (x1) 25259 | -3/Research | Fabricated Exp. Hacking Suite? 25340 | -3/Research | Fabricated Exp. Propulsion Shielding (x1) 25671 | -3/Research | Discovered exit to Research (range 8) 25720 | -3/Research | Adv. Hacking Suite fried by hacking feedback 25855 | -3/Research | Learned location of 1 exit from Research 25898 | -3/Research | Learned Access emergency access door positions 25932 | -3/Research | Learned Testing stockpile data 25956 | -3/Research | Learned 4 Quarantine zone layouts 25975 | -3/Research | Learned 12 Access zone layouts 25988 | -3/Research | Search patrols dispatched 26009 | -3/Research | Learned 4 Quarantine zone layouts 26022 | -3/Research | Destroyed B-86 Titan 26078 | -3/Research | Repaired Cld. Nuclear Pulse Thruster 26120 | -3/Research | Repaired Exp. Utility Shielding 26175 | -3/Research | Repaired Nanosword 26221 | -3/Research | Repaired Cld. Nuclear Pulse Thruster 26256 | -3/Research | Repaired Impulse Thruster Array 26312 | -3/Research | Repaired Centrium Light Armor Plating 26357 | -3/Research | Repaired Cld. Nuclear Pulse Thruster 26399 | -3/Research | Repaired Exp. Propulsion Shielding 26544 | -3/Research | Fabricated Femtoactuators (x1) 26647 | -3/Research | Spotted B-86 Titan 26650 | -3/Research | Spotted B-86 Titan 26665 | -3/Research | Entered Armory 26666 | -3/Armory | Identified exit to Lab 26667 | -3/Armory | Loaded intel: 43 trap records 26668 | -3/Armory | Loaded intel: 55 non-interactive machine locations 26674 | -3/Armory | Identified Transdimensional Reconstructor 26674 | -3/Armory | Warped through subspace to slip node 26675 | -3/Armory | Entered Lab 26677 | -3/Lab | Discovered exit to Research (range 9) 26679 | -3/Lab | Hidden lab's door opened automatically 26679 | -3/Lab | Sensor layout match revealed 26680 | -3/Lab | Gained access to the hidden lab's interior 26907 | -3/Lab | Found Alien Artifact 26907 | -3/Lab | Identified Integrated Mediator 26907 | -3/Lab | Installed Integrated Mediator, increased core attachment efficiency 26915 | -3/Lab | Found Alien Artifact 26916 | -3/Lab | Identified Core Regenerator 26916 | -3/Lab | Used Core Regenerator, restored core integrity (+325) 26925 | -3/Lab | Found Transdimensional Reconstructor 26946 | -3/Lab | Found Prototype Energy Cannon 26948 | -3/Lab | Found Prototype Energy Gun 26949 | -3/Lab | Found Prototype Protection 26952 | -3/Lab | Found Prototype Hackware 26957 | -3/Lab | Unable to decrypt terminal 26966 | -3/Lab | Found Prototype Special Weapon 26992 | -3/Lab | Identified Tachyon Dispersion Ray 26994 | -3/Lab | Identified Warp Cannon 26995 | -3/Lab | Identified Gui. Remote Datajack 26997 | -3/Lab | Identified Med. Regenerative Plating 27020 | -3/Lab | Entered Research 27020 | -2/Research | Warlord forces began assault on 0b10 27020 | -2/Research | Evolved 2 slots: Propulsion x1, Utility x1 27021 | -2/Research | Identified exit to Quarantine 27036 | -2/Research | Identified Quantum Router 27037 | -2/Research | Identified exit to Access 27047 | -2/Research | Fabricated Centrium Leg? 27086 | -2/Research | Fabricated Cld. Field Propulsion Drive (x1) 27130 | -2/Research | Research machine network offline 27330 | -2/Research | Lost 6 allies 27340 | -2/Research | Met up with Warlord 27509 | -2/Research | Entered Access 27509 | -1/Access | Evolved 2 slots: Utility x2 27529 | -1/Access | Identified exit to Command 28000 | -1/Access | Fabricated Exp. Melee Analysis Suite? 28063 | -1/Access | Fabricated Exp. Melee Analysis Suite (x1) 28127 | -1/Access | Fabricated Exp. Utility Shielding? 28180 | -1/Access | Fabricated Cld. Impulse Thruster? 28274 | -1/Access | Fabricated Exp. Core Analyzer (x1) 28329 | -1/Access | Entered Command 28332 | -1/Command | Identified exit to Surface 28379 | -1/Command | Repaired Centrium Light Armor Plating 28410 | -1/Command | Repaired Cld. Nuclear Pulse Thruster 28576 | -1/Command | Disengaged cave seal 28576 | -1/Command | Welcomed Warlord to Command 28723 | -1/Command | Exp. Hacking Suite fried by hacking feedback 28757 | -1/Command | Spotted M Guard 28757 | -1/Command | Spotted M Guard 28758 | -1/Command | Spotted Combat Programmer 28758 | -1/Command | Spotted Combat Programmer 28790 | -1/Command | Destroyed Combat Programmer 28834 | -1/Command | Destroyed M Guard 28837 | -1/Command | Warlord commented on Warlord statues 28845 | -1/Command | All MAIN.C guards destroyed 28857 | -1/Command | Found Prototype Launcher 28858 | -1/Command | Found Prototype Energy Cannon 28860 | -1/Command | Found Prototype Energy Cannon 29102 | -1/Command | Met MAIN.C 29111 | -1/Command | 0b10 Conduit disabled 29112 | -1/Command | Build established: Machinist-Sprinter 29126 | -1/Command | Warlord shut down involuntarily 29147 | -1/Command | System corruption reached 10% 29153 | -1/Command | MAIN.C activated Command garrisons 29154 | -1/Command | Found Prototype Protection 29154 | -1/Command | Identified Centrium Heavy Armor Plating 29195 | -1/Command | Destroyed MAIN.C 29196 | -1/Command | Identified Cld. Nova Cannon (x2) 29196 | -1/Command | Identified Ragnarok Missile Launcher 29196 | -1/Command | Discovered exit to Surface (range 38) 29196 | -1/Command | Discovered exit to Surface (range 93) 29196 | -1/Command | Extracted map data and part IDs from MAIN.C's data core 29199 | -1/Command | Lost 3 allies 29206 | -1/Command | Lost 7 parts (1p2n4u) 29288 | *** | Establishing 0b11! Last Messages --------------- 29191_ CR-A16's Behemoth Slayer follow-up attack on MAIN.C. 29191_ Knocked back. 29195_ MAIN.C: "I hope you know you're still going to DIE HERE WITH ME!" Heavy Barrier opened. 29195_ MAIN.C destroyed. 29196_ EXIT=FOUND: SURFACE 29196_ Acquired data core, extracted map data and part IDs. 29219_ Acquired 16 matter. 29220_ System corrupted: Heat flow error (+207). 29239_ System corrupted: Matter fused (-6). 29253_ Slug penetrates HJ-RW2(K). 29253_ Slug penetrates Reinforced Barrier. 29255_ Sneak attack on Y-72 Warden. 29255_ Nanosword follow-up attack on Y-72 Warden. 29255_ Y-72 Warden destroyed. 29256_ Acquired 6 matter. 29259_ System corrupted: Component data lost. 29275_ System corrupted: Heat flow error (+265). 29285_ R-10 Processor collects Antigrav System. [Achievement: Commander 0b11] Map ----- +----------------------------------------------------+ | ^ ## #??#?# | | ^ ## ] #??#?# " | | # ######"######??#?# " | | ####### "" #??????#?# " | | #?????# "T #??????#?#""" | | #?????# #??????#?# | | "" #?????# ##### #??????#?# | | """" ^ #????############ ##?????#?# | | """"^ #????# # ######### | | "" #######????# # | | #??????????# "" + | | #??????????#% """" # | | % #??????????# """" # ######### | | ##!%############ "" ## ##?????#?# | | #?#! + ## #??????#?# | | ###+##+######### ## #??????#?#### | | # #????############ #??????#????? | | ##"!%### #??????????????## ##?????###### | | ?# !%"?# #?????????###### #??????????? | | ?#!=%" # #?????????# #??????????? | | ##=="""####"######?????????# %= #??????????? | | # ! = #??????????????# #??????????? | | # %* #?????????????#"##### #??????????? | | # [ "" #??????????#####????#######??????????? | | ] !%"""" ######?????# #?????????????????????? | | # *"""" # ####### @ #?????????????????????? | | # "" + #?????????????????????? | | # = # " #?????????????????????? | | # *% # ###########??????#########??????? | | # =%"" ## ##???############## !!! #??????? | | # !""T""" ## #????# !!! # !!! #??????? | | # """"" ## #????# !!! ]+ !! #??????? | | # ## ###### !! # #??????? | | # ## + # #??????? | | ######+####### # # #??????? | | # #######+####+# #??????? | | # # #??????? | | # + #??????? | | # # #??????? | | ] # # #??????? | | # ################ | | # | | ############## = T | | # + ###############+########"""# | | # ## #????# """T""" ^ ####"""# | | # ! ## ###### """ """ #[]] = | | + ## + #]]] * = | | # ############### #!!! = | | # #?????????????# ! #!!!**== | | ##############?????????????# ######## | +----------------------------------------------------+ Best States ------------- Heat Dissipation 72 Energy Generation 35 Energy Capacity 265 Matter Stores 300 Matter Capacity 300 Sight Range 23 Robot Scan Range 16 Terrain Scan Density 10 ECM Strength 1 Additional Mass Support 16 Armor Coverage 750 Propulsion Shielding 90 Utility Shielding 90 Point Defense Rating 240 Melee Speed Boost 50 Evasion (%) 77 Melee Accuracy 30 Core Analysis 8 Recoil Reduction 3 Offensive Hacking 62 Defensive Hacking 45 Authchip Count 7 Trap Extractor Capacity 8 Item Schematics ----------------- Plasma Cutter | -8/Materials | Hacked Imp. Utility Shielding | -7/Factory | Hacked Imp. Cesium-ion Thruster | -7/Factory | Scanalyzed Imp. Light Armor Plating | -7/Factory | Scanalyzed Mni. Grenade Launcher | -7/Factory | Scanalyzed Chainsword | -7/Factory | Hacked Cld. VTOL Module | -7/Factory | Hacked Component Analysis Suite | -7/Zion | Archive Adv. Melee Analysis Suite | -7/Zion | Archive Arm. Huge Wheel | -7/Zion | Archive Drone Bay | -7/Zion | Archive Coolant Injector | -7/Zion | Archive Hvy. Machine Gun | -7/Zion | Archive Gravmag System | -7/Zion | Archive Enh. Gauss Cannon | -7/Zion | Archive Antigrav System | -7/Zion | Archive Imp. Carbon-fiber Leg | -7/Zion | Archive Adv. Sensor Array | -7/Zion | Archive Flexi-carbon Leg | -7/Zion | Archive Flak Gun | -7/Zion | Archive Adv. Heat Sink | -7/Zion | Archive Imp. Hacking Suite | -6/Factory | Hacked Exp. Power Shielding | -6/Factory | Hacked Mic. Nuclear Core | -6/Factory | Scanalyzed Exp. Utility Shielding | -6/Factory | Hacked System Restoration Module | -6/Factory | Hacked Imp. System Restoration Module | -6/Factory | Hacked Electron Diverter | -6/Factory | Scanalyzed Imp. Coolant Injector | -6/Extension | Hacked Cld. Nuclear Pulse Thruster | -5/Factory | Hacked Adv. Power Amplifier | -5/Factory | Hacked Nuclear Pulse Array | -5/Factory | Hacked Imp. Plasma Cutter | -5/Factory | Hacked Exp. Propulsion Shielding | -5/Factory | Hacked Adv. Point Defense System | -5/Factory | Hacked Adv. EM Disruption Field | -5/Factory | Scanalyzed Adv. Cryofiber Web | -5/Factory | Hacked Field Propulsion Array | -5/Factory | Hacked Adv. Hacking Suite | -5/Factory | Hacked Particle Reactor | -5/Factory | Hacked Enh. Biometal Leg | -5/Factory | Hacked Exp. Hacking Suite | -4/Factory | Hacked Exp. Melee Analysis Suite | -4/Factory | Hacked Cld. Field Propulsion Drive | -4/Factory | Hacked Enh. Nova Cannon | -4/Factory | Hacked Adv. Datajack | -4/Factory | Hacked Quantum Reactor | -4/Factory | Hacked Nanosword | -4/Factory | Hacked Centrium Light Armor Plating | -4/Factory | Hacked Mic. Antimatter Reactor | -4/Factory | Scanalyzed Centrium Medium Armor Plating | -4/Factory | Hacked Com. HERF Cannon | -4/Factory | Hacked Impulse Thruster | -4/Factory | Hacked Assault Drone Bay | -4/Zhirov | Free Exp. Heat Sink | -4/Zhirov | Free Exp. Optical Array | -4/Zhirov | Free Imp. Arc Thrower | -4/Zhirov | Free Cld. Impulse Thruster | -3/Research | Hacked Com. Particle Reactor | -3/Research | Hacked Femtoactuators | -3/Research | Hacked Exp. Core Analyzer | -1/Access | Hacked Robot Schematics ------------------ R-06 Scavenger | -7/Zion | Archive M-28 Smith | -7/Zion | Archive O-24 Administrator | -7/Zion | Archive C-57 Dissector | -7/Zion | Archive Fabricated ------------ Cld. VTOL Module | x1 | -6/Factory | Authchip Imp. Hacking Suite | x1 | -6/Factory Cld. VTOL Module | x1 | -6/Factory Exp. Utility Shielding | x1 | -6/Factory | Authchip Cld. VTOL Module | x1 | -6/Factory | Authchip Imp. System Restoration Module | x2 | -6/Factory | Authchip L-41 Fighter | x3 | -6/Factory | Preloaded Cld. VTOL Module | x1 | -5/Factory | Authchip Cld. Nuclear Pulse Thruster | x1 | -5/Factory | Authchip Cld. Nuclear Pulse Thruster | x1 | -5/Factory | Authchip L-41 Fighter | x3 | -5/Factory | Preloaded B-60 Warrior | x3 | -5/Factory | Preloaded Exp. Propulsion Shielding | x1 | -5/Factory | Authchip Field Propulsion Array | x1 | -5/Factory | Authchip Cld. Nuclear Pulse Thruster | x1 | -5/Factory G-67 Veteran | x3 | -4/Factory | Preloaded Exp. Hacking Suite | x1 | -4/Factory | Authchip Exp. Utility Shielding | x1 | -4/Factory | Authchip Centrium Light Armor Plating | x1 | -4/Factory | Authchip Exp. Hacking Suite | x1 | -4/Factory | Authchip Exp. Hacking Suite | x1 | -4/Factory | Authchip Nanosword | x1 | -4/Factory | Authchip Nanosword | x1 | -4/Factory | Authchip Mic. Antimatter Reactor | x2 | -3/Research | Preloaded Centrium Medium Armor Plating | x1 | -3/Research | Authchip Exp. Hacking Suite | x1 | -3/Research | Authchip Exp. Propulsion Shielding | x1 | -3/Research | Authchip Femtoactuators | x1 | -3/Research | Authchip Centrium Leg | x1 | -2/Research | Preloaded, Authchip Cld. Field Propulsion Drive | x1 | -2/Research Exp. Melee Analysis Suite | x1 | -1/Access | Authchip Exp. Melee Analysis Suite | x1 | -1/Access | Authchip Exp. Utility Shielding | x1 | -1/Access | Authchip Cld. Impulse Thruster | x1 | -1/Access | Authchip Exp. Core Analyzer | x1 | -1/Access Repaired ---------- Lgt. Treads | 24% | -10/Materials Imp. Light Armor Plating | 41% | -8/Materials Imp. Flight Unit | 22% | -8/Storage Imp. Flight Unit | 25% | -8/Storage Imp. Flight Unit | 60% | -8/Storage Imp. Flight Unit | 55% | -8/Storage Greatsword | 20% | -6/Factory Lgt. Deuterium Engine | 34% | -6/Factory Cld. VTOL Module | 16% | -5/Factory Cld. VTOL Module | 65% | -5/Factory Adv. Trap Extractor | 18% | -4/Factory Exp. Propulsion Shielding | 22% | -4/Factory Mic. Antimatter Reactor | 44% | -4/Factory Graphene Brace | 6% | -4/Factory Cld. Nuclear Pulse Thruster | 40% | -4/Factory Cld. Nuclear Pulse Thruster | 42% | -4/Factory Cld. Nuclear Pulse Thruster | 38% | -4/Factory Cld. Nuclear Pulse Thruster | 50% | -4/Factory Mic. Antimatter Reactor | 62% | -3/Research Cld. Nuclear Pulse Thruster | 10% | -3/Research Exp. Utility Shielding | 10% | -3/Research Nanosword | 48% | -3/Research Cld. Nuclear Pulse Thruster | 42% | -3/Research Impulse Thruster Array | 59% | -3/Research Centrium Light Armor Plating | 45% | -3/Research Cld. Nuclear Pulse Thruster | 50% | -3/Research Exp. Propulsion Shielding | 66% | -3/Research Centrium Light Armor Plating | 55% | -1/Command Cld. Nuclear Pulse Thruster | 70% | -1/Command Alien Tech Used ----------------- Core Expander Integrated Dissipator Transdimensional Reconstructor Integrated Mediator Core Regenerator Achievements -------------- Commander 0b11 Maximum Efficiency War Machine Challenges ------------ None Game ------ Seed CloakBarrageReplicator Manual? 0 Play Time 10:52:11 Cumulative 378.6 hours Start 2025.09.22 @ 06:51:19 End 2025.09.28 @ 10:43:10 Sessions 25 Manual Loads 0 Difficulty Rogue Special Mode None Game No. 146 Rogue 125 Adventurer 21 Explorer 0 Win Type 1 Total 17 Types 11/1/4/1/0/0/0/0/0/0 Lore% 56 Gallery% 72 Achievement% 69 Wizard Run 0 Options --------- Layout 1 ASCII 0 Keyboard 0 Movement Mouse Keybinds 0 Fullscreen 2 Font 32/SmallcapsGlow Map View 77x35 Zoom Use 0% Tactical HUD 1 Map Filters NONE Filters NONE Steam 1 RUN: 5f1c5c42-56c5-4a5d-88b7-1a9c2d5d9c5c